 Dungeon Crawl Stone Soup version 0.27.0-1-g7a089689b8 (webtiles) character file.

Game seed: 10250175091825094716

280453 puppykicker the Phalangite (level 20, 0/156 HPs)
             Began as a Merfolk Ice Elementalist on Aug 3, 2021.
             Was the Champion of Okawaru.
             Slain by a naga warrior (21 damage)
             ... on level 3 of the Snake Pit on Aug 4, 2021.
             The game lasted 06:24:33 (52381 turns).

puppykicker the Phalangite (MfIE)                  Turns: 52381, Time: 06:24:34

Health: 0/156      AC: 28    Str: 19    XL:     20   Next: 88%
Magic:  43/44      EV: 14    Int: 25    God:    Okawaru [******]
Gold:   226        SH:  0    Dex: 13    Spells: 2/42 levels left

rFire    + + .     SeeInvis +   a - +7 demon trident (vamp)
rCold    + + +     Faith    .   (no shield)
rNeg     . . .     Spirit   .   z - +5 ring mail {rF+} {rF+}
rPois    +         Reflect  .   T - +2 helmet {SInv} {sInv}
rElec    +         Harm     .   g - +2 cloak of the Thief {*Fog Slay-2 SInv Stlth+}
rCorr    +         Rampage  .   o - +2 pair of gloves {Stlth+}
Will     +....                  G - +0 pair of boots
Stlth    +++.......             J - amulet of magic regeneration
HPRegen  0.36/turn              q - ring "Acerobes" {rPois MP+9 Str+6 Int+8 Dex-3}
MPRegen  0.54/turn              F - ring of Rihaluopn {rElec rF+ rC+++ rCorr AC+4}

@: slowed, constricted, studying 2 skills, very slow
A: (nimble swimmer 2), mertail, shaggy fur 1
}: 1/15 runes: serpentine
a: Renounce Religion, Heroism, Finesse


You were on level 3 of the Snake Pit.
You worshipped Okawaru.
Okawaru was exalted by your worship.
You visited 7 branches of the dungeon, and saw 33 of its levels.
You also visited: Gauntlet, Ice Cave and Volcano.

You collected 3403 gold pieces.
You spent 3177 gold pieces at shops.

Inventory:

Hand Weapons
 a - a +7 vampiric demon trident (weapon)
 b - a +4 bardiche of holy wrath
Missiles
 r - 10 throwing nets
 P - 5 curare-tipped darts (quivered)
Armour
 g - the +2 cloak of the Thief (worn) {*Fog Slay-2 SInv Stlth+}
   (You bought it in a shop on level 7 of the Dungeon)

   It may release a thick cloud of smoke when the wearer is hurt.
   Slay:      It affects your accuracy & damage with ranged weapons and melee
   (-2).
   SInv:      It lets you see invisible.
   Stlth:     It makes you more stealthy.
 o - a +2 pair of gloves of stealth (worn)
 z - a +5 ring mail of fire resistance (worn) {rF+}
 G - a +0 pair of boots (worn)
 T - a +2 helmet of see invisible (worn) {sInv}
Jewellery
 q - the ring "Acerobes" (left hand) {rPois MP+9 Str+6 Int+8 Dex-3}
   (You bought it in a shop on level 2 of the Orcish Mines)

   [ring of strength]

   Str:       It affects your strength (+6).
   Int:       It affects your intelligence (+8).
   Dex:       It affects your dexterity (-3).
   rPois:     It protects you from poison.
   MP:        It affects your magic capacity (+9).
 F - the ring of Rihaluopn (right hand) {rElec rF+ rC+++ rCorr AC+4}
   (You found it on level 5 of the Lair of Beasts)

   [ring of protection]

   AC:        It affects your AC (+4).
   rF:        It protects you from fire.
   rC:        It renders you almost immune to cold.
   rElec:     It insulates you from electricity.
   rCorr:     It protects you from acid and corrosion.
 J - an amulet of magic regeneration (around neck)
 R - an amulet of regeneration
Wands
 s - a wand of acid (30)
 w - a wand of mindburst (28)
 D - a wand of digging (3)
 U - a wand of iceblast (26)
 V - a wand of flame (54)
Scrolls
 c - a scroll of torment {!r}
 e - 3 scrolls of fear
 f - 5 scrolls of fog
 h - 6 scrolls of vulnerability {!r!r}
 i - 13 scrolls of identify
 k - 4 scrolls of immolation {!r}
 l - 3 scrolls of amnesia
 t - 2 scrolls of teleportation
 x - 5 scrolls of enchant armour
 B - a scroll of magic mapping {!r}
 E - a scroll of silence
 I - a scroll of acquirement
 L - 3 scrolls of holy word {!r}
Potions
 d - a potion of berserk rage {!q}
 j - 10 potions of curing
 m - 3 potions of might
 n - 4 potions of cancellation
 p - 4 potions of mutation {!q}
 u - 5 potions of brilliance
 v - 6 potions of magic
 y - 5 potions of lignification {!q}
 A - 6 potions of attraction {!q}
 C - a potion of ambrosia
 H - a potion of resistance
 N - 2 potions of haste
 Q - a potion of invisibility
 S - 6 potions of flight
Miscellaneous
 X - a box of beasts


   Skills:
 + Level 13.3 Fighting
 + Level 23.6 Polearms
 + Level 8.7 Armour
 + Level 15.0 Dodging
 - Level 2.1 Stealth
 + Level 11.5 Spellcasting
 + Level 2.6 Conjurations
 - Level 10.0 Necromancy
 + Level 8.9 Translocations
 + Level 2.4 Transmutations
 - Level 13.3 Ice Magic
 + Level 4.4 Air Magic
 + Level 4.3 Earth Magic
 - Level 2.0 Poison Magic
 - Level 5.0 Invocations
 - Level 3.0 Evocations


You had 2 spell levels left.
You knew the following spells:

 Your Spells              Type           Power      Damage    Failure   Level
a - Manifold Assault      Tloc           56%        N/A       4%          5
b - Frozen Ramparts       Ice            100%       1d12      1%          3
c - Shock                 Conj/Air       100%       1d9       1%          1
m - Swiftness             Air            36%        N/A       3%          3
o - Ozocubu's Armour      Ice            69%        N/A       1%          3
p - Blink                 Tloc           N/A        N/A       1%          2
r - Irradiate             Conj/Tmut      13%        3d18      54%         5
t - Lesser Beckoning      Tloc           28%        N/A       1%          3
v - Borgnjor's Vile Clut  Necr/Erth      25%        N/A       10%         5
z - Animate Dead          Necr           29%        N/A       1%          4
X - Dispersal             Tloc           28%        N/A       26%         6

Your spell library contained the following spells:

 Spells                   Type           Power      Damage    Failure   Level
 Freeze                   Ice            100%       1d11      1%          1
 Corpse Rot               Necr/Air       N/A        N/A       1%          2
 Ensorcelled Hibernation  Hex/Ice        94%        N/A       1%          2
 Sublimation of Blood     Necr           29%        N/A       1%          2
 Magic Dart               Conj           100%       1d8       2%          1
 Sting                    Tmut/Pois      100%       1d8       2%          1
 Poisonous Vapours        Pois/Air       60%        N/A       2%          2
 Static Discharge         Conj/Air       32%        N/A       2%          2
 Foxfire                  Conj/Fire      84%        2x1d8     3%          1
 Searing Ray              Conj           54%        3d5       3%          2
 Gell's Gravitas          Tloc           28%        N/A       1%          3
 Teleport Other           Tloc           56%        N/A       1%          3
 Dispel Undead            Necr           59%        3d21      1%          4
 Hailstorm                Conj/Ice       53%        3d12      2%          4
 Agony                    Necr           59%        N/A       3%          5
 Spider Form              Tmut/Pois      12%        N/A       8%          3
 Airstrike                Air            18%        N/A       11%         4
 Dazzling Flash           Conj/Hex       42%        N/A       12%         3
 Petrify                  Tmut/Erth      31%        N/A       16%         4
 Death Channel            Necr           29%        N/A       17%         6
 Animate Armour           Summ/Erth      50%        N/A       26%         4
 Leda's Liquefaction      Hex/Erth       12%        N/A       26%         4
 Olgreb's Toxic Radiance  Pois           24%        N/A       28%         4
 Summon Forest            Summ/Tloc      18%        N/A       28%         5
 Fulminant Prism          Conj/Hex       10%        3d9       36%         4
 Iskenderun's Battlesphe  Conj           27%        2d8       52%         5
 Blade Hands              Tmut           13%        N/A       56%         5
 Bolt of Magma            Conj/Fire/Erth 13%        4d8       56%         5
 Silence                  Hex/Air        12%        N/A       58%         5
 Fireball                 Conj/Fire      10%        3d6       71%         5
 Summon Mana Viper        Hex/Summ       14%        N/A       88%         5
 Conjure Ball Lightning   Conj/Air       16%        3x3d6     93%         6
 Iron Shot                Conj/Erth      16%        9d4       94%         6
 Statue Form              Tmut/Erth      20%        N/A       94%         6
 Shadow Creatures         Summ           N/A        N/A       100%        6
 Dragon Form              Tmut           13%        N/A       100%        7
 Haunt                    Necr/Summ      19%        N/A       100%        7
 Orb of Destruction       Conj           13%        9d6       100%        7
 Infestation              Necr           29%        N/A       100%        8


Dungeon Overview and Level Annotations

Branches:
Dungeon (15/15)            Temple (1/1) D:7            Lair (6/6) D:9
 Shoals (4/4) Lair:4        Snake (4/4) Lair:2        Slime (0/5) Lair:6
    Orc (2/2) D:9             Elf (1/3) Orc:2        Vaults (0/5) D:13
 Depths (0/5) D:15          IceCv (visited)         Volcano (visited)
Gauntlet (visited)

Altars:
Ashenzari
Cheibriados
Dithmenos
Elyvilon
Fedhas
Gozag
Hepliaklqana
Kikubaaqudgha
Makhleb
Nemelex Xobeh
Okawaru
Qazlal
Ru
Sif Muna
Trog
Uskayaw
Vehumet
Wu Jian
Xom
Yredelemnul
Zin
The Shining One
Beogh
Jiyva

Shops:
D:4 ?   D:7 [   D:10 *?   Orc:2 [((=   Snake:2 [[=!   Snake:4 [

Annotations:
Snake:4 Mara, Vashnia
Elf:1 Jorgrun


Innate Abilities, Weirdness & Mutations

((You are quick and stealthy near water. (Stealth+, EV+, Speed+++)))
Your lower body shifts to a powerful aquatic tail in water.
You are covered in fur. (AC +1)


Message History

You easily resist.
You take 11 damage, and have 8/156 hp.
Unknown command.
Unknown command.
You feel much better.
The wall freezes the guardian serpent.
The guardian serpent hits you but does no damage.
The guardian serpent hits you!
* * * LOW HITPOINT WARNING * * *
The wall freezes the naga warrior!
The naga warrior barely misses you. The naga warrior constricts you.
The wall freezes the guardian serpent.
The guardian serpent coils itself and waves its upper body at you.
You easily resist.
The naga warrior barely misses you. The guardian serpent hits you.
* * * LOW HITPOINT WARNING * * *
The wall freezes the naga warrior!
The naga warrior barely misses you. The naga warrior constricts you.
The wall freezes the guardian serpent.
The guardian serpent hits you!
* * * LOW HITPOINT WARNING * * *
The naga warrior spits poison at you.
The splash of poison hits you but does no damage.
You resist.
You regained 3 hp, and now have 11/156 hp.
Unknown command.
Okay, then.
Unknown command.
Casting: Frozen Ramparts (safe; 1% risk of failure)
Your frozen ramparts will break if you move.
Continue?
You escape the naga warrior's grasp.
You blink.
The frozen ramparts melt away as you move.
You now have 42/44 mp.
You feel better.
The guardian serpent casts a spell at you.
The naga warrior blinks! x2; The naga blinks!
The guardian serpent hits you but does no damage.
The naga hits you but does no damage. The naga grabs you.
The naga constricts you.
The naga warrior hits you with a +0 scimitar!!
You die...

##.# #.###...# #... ##.##
#.####### #... ≈#..# ##...# ##..
###.# #....# ### ≈##.# #....#
#####
.##.##########.##########...#
.≈#.........................#####
†≈##.#########.###...####.......#
.###.#### ##.S@N...# #.....#.. ##
#..<.# #..NN....# #.....#.. .#
#....# #§§....### ##..###.. ≈#
##...#####.[.S..# #.)[)### ##
######...§>....########.))## #
#..........#####.....###[(.## ###
##......................#....
≈≈## #......................#....
...###..............#.......##...


You could see 2 naga warriors, 2 guardian serpents and a naga (strong).

Levels and vault maps discovered:
D:1:      eino_arrival_cavern_a, layout_rooms
D:2:      layout_basic, uniq_jessica, uniq_natasha
D:3:      kennysheep_the_goblin_king, layout_loops_ring,
          nicolae_overflow_crystal_walls, amcnicky_mini_pool_small
D:4:      layout_gridville, mainiacjoe_overflow_swirl, serial_shops,
          nicolae_stop_n_shop_1, minivault_27
D:5:      layout_rooms, gammafunk_ghost_gnarly_gnolls
D:6:      layout_basic, lemuel_crystal_altar, gammafunk_ghost_necromancy
D:7:      cheibrodos_steamvent, layout_loops_cross,
          mainiacjoe_overflow_boulevard, minmay_temple_entry_gardened_gates,
          serial_shops, kennysheep_mini, kennysheep_small_circle
D:8:      layout_loops_corners, uniq_erica
D:9:      layout_roguey [special_room_kobold], due_lair_maze_entry_diamond,
          minmay_orc_entry_temple_small, uniq_maggie
D:10:     layout_loops_corners, kiku_gazebo_garden_becter, serial_shops,
          nicolae_shop_stone, minmay_shop_mass, lightli_corner_chamber
D:11:     layout_basic, dancing_weapons_uskayaw
D:12:     layout_rooms, ebering_ghost_inner_flame, uniq_nessos
D:13:     minmay_nested_s, layout_basic, erik_vaults_1, zin_treasury
D:14:     layout_long_grid, uniq_kirke
D:15:     grunt_enter_depths_magical_seal, layout_rooms, gauntlet_entry_generic,
          nrook_mini_backslash, st_stairs_6, minmay_the_grid_2x2
          [minmay_the_grid_doors, minmay_the_grid_paths,
          minmay_the_grid_square_x, minmay_the_grid_prize_big_room]
Temple:   nicolae_temple_elliptical
Lair:1:   layout_regular_city, ebering_ghost_reflecting_pool,
          serial_bayou_shore_a, grunt_megastairs_1
Lair:2:   layout_cave_pods, guppyfry_snake_entry_garden, lemuel_fruit_tree,
          grunt_megastairs_3
Lair:3:   dragon1_lemuel, layout_cave_pods, grunt_megastairs_2
Lair:4:   layout_cave_pods, elwin_shoals_entry_stream, uniq_snorg
Lair:5:   layout_small_grid, nicolae_volcano_entry_two_sided,
          infiniplex_staircase_pool, grunt_megastairs_4, serial_bayou_shore_b
Lair:6:   cheibrodos_lair_end_hotspot, layout_hall_layers, slime_altar_1
Shoals:1: layout_shoals
Shoals:2: layout_shoals, nicolae_shoals_beach_cooler
Shoals:3: layout_shoals, ebering_ghost_davey_jones, uniq_polyphemus,
          uniq_roxanne, uniq_nikola
Shoals:4: shoals_end_hellmonk_lost_city, serial_shops
Snake:1:  layout_onion_interference, nicolae_snake_gridmaze_zigzag, uniq_aizul,
          uniq_louise
Snake:2:  layout_onion_interference, statue_in_the_mist_lemuel, minmay_shoptagon
Snake:3:  layout_misc_corridors, ebering_ghost_xom,
          nicolae_snake_herptile_family_reunion
Snake:4:  minmay_snake_end_coiled, layout_onion_interference, minmay_shop_star,
          uniq_mara, uniq_saint_roka, uniq_vashnia
Orc:1:    layout_caves, basic_altar, portal_ice_cave_rime, mines_bat_river
Orc:2:    st_orc_town, layout_caves, basic_altar
Elf:1:    layout_loops_corners, minmay_elf_annihilation, due_unseen_surprise,
          lemuel_upstairs_altar, uniq_jorgrun

Notes
Turn   | Place    | Note
-------+----------+-------------------------------------------
     0 | D:1      | puppykicker the Merfolk Ice Elementalist began the quest
                  | for the Orb.
     0 | D:1      | Reached XP level 1. HP: 13/13 MP: 3/3
     5 | D:1      | Identified a +0 ring mail
     6 | D:1      | Identified a ring of ice
    38 | D:1      | HP: 3/13 [jackal (2)]
    44 | D:1      | Identified 2 potions of invisibility
   315 | D:1      | Reached XP level 2. HP: 20/20 MP: 0/5
   414 | D:1      | Identified a +0 hand axe
   442 | D:1      | Identified a +0 dagger
   598 | D:1      | Identified a +0 club
   601 | D:1      | Identified a +0 club
   604 | D:1      | Identified a +0 club
   607 | D:1      | Reached skill level 3 in Dodging
   684 | D:1      | Identified a +0 dagger
   692 | D:1      | Identified a +0 short sword
   706 | D:1      | Identified a +0 short sword
   764 | D:1      | Reached XP level 3. HP: 21/25 MP: 2/6
   890 | D:1      | Identified a +0 dagger
   890 | D:1      | Identified a +0 club
   932 | D:1      | Learned a level 3 spell: Frozen Ramparts
  1044 | D:2      | Reached skill level 1 in Fighting
  1066 | D:2      | Noticed Natasha
  1072 | D:2      | Killed Natasha
  1073 | D:2      | Reached skill level 5 in Ice Magic
  1073 | D:2      | Identified a ring of flight
  1129 | D:2      | Identified a +0 plate armour
  1190 | D:2      | Identified a +0 dagger
  1202 | D:2      | Reached XP level 4. HP: 28/32 MP: 3/7
  1260 | D:2      | Noticed Natasha
  1266 | D:2      | Learned a level 3 spell: Ozocubu's Armour
  1333 | D:2      | Killed Natasha
  1741 | D:2      | Identified a +0 long sword
  1764 | D:2      | Identified a +0 dagger
  1764 | D:2      | Identified a +0 robe
  1764 | D:2      | Noticed Jessica
  1850 | D:2      | Noticed Natasha
  1858 | D:2      | Killed Natasha
  2245 | D:2      | Killed Jessica
  2246 | D:2      | Reached skill level 1 in Armour
  2246 | D:2      | Reached XP level 5. HP: 38/38 MP: 3/8
  2367 | D:3      | Identified a +0 whip
  2414 | D:3      | Identified an amulet of guardian spirit
  2461 | D:3      | Reached skill level 2 in Fighting
  2461 | D:3      | Reached skill level 4 in Dodging
  2536 | D:3      | Identified a +0 flail
  2667 | D:3      | Identified a +0 club
  2670 | D:3      | Identified a +0 flail
  2673 | D:3      | Identified a +0 flail
  2677 | D:3      | Reached XP level 6. HP: 27/44 MP: 5/10
  2759 | D:3      | Identified 2 scrolls of fear
  2760 | D:3      | Identified 2 scrolls of fog
  2766 | D:3      | Identified a +0 shortbow
  2788 | D:3      | Found a snail-covered altar of Cheibriados.
  2874 | D:3      | Identified a +0 dagger
  2964 | D:3      | Identified a +0 whip
  2974 | D:3      | Identified a +0 scale mail
  3017 | D:3      | Identified a +0 short sword
  3017 | D:3      | Identified a +0 ring mail
  3026 | D:3      | Identified 2 scrolls of magic mapping
  3048 | D:3      | Identified a +0 dagger
  3048 | D:3      | Identified a +0 club
  3049 | D:3      | Identified a +0 dagger
  3049 | D:3      | Identified a +0 dagger
  3049 | D:3      | Identified a +0 club
  3049 | D:3      | Identified a +0 dagger
  3050 | D:3      | Identified a +0 club
  3050 | D:3      | Identified a +0 leather armour
  3050 | D:3      | Noticed Ijyb
  3063 | D:3      | Killed Ijyb
  3064 | D:3      | Reached skill level 3 in Spellcasting
  3106 | D:3      | Identified 2 scrolls of vulnerability
  3150 | D:4      | Found Huegaluty's Magic Scroll Emporium.
  3153 | D:4      | Bought a scroll of identify for 26 gold pieces
  3153 | D:4      | Identified a potion of might
  3169 | D:4      | Identified a potion of brilliance
  3294 | D:4      | Found a white marble altar of Elyvilon.
  3315 | D:4      | Identified a +0 club
  3382 | D:4      | Identified a +0 dagger
  3384 | D:4      | Identified a +0 trident
  3400 | D:4      | Identified a +0 trident
  3400 | D:4      | Identified a +3 ring mail
  3403 | D:4      | Identified a +0 falchion
  3414 | D:4      | Learned a level 1 spell: Shock
  3424 | D:4      | Identified a +0 trident
  3448 | D:4      | Reached skill level 6 in Ice Magic
  3597 | D:4      | Identified a +0 dagger
  3715 | D:4      | Found a shimmering blue altar of Sif Muna.
  3721 | D:4      | Identified a +0 robe
  3752 | D:4      | Reached skill level 1 in Polearms
  3989 | D:5      | Entered Level 5 of the Dungeon
  3999 | D:5      | Identified a +0 shortbow
  4002 | D:5      | Identified a +0 giant spiked club
  4229 | D:4      | Learned a level 3 spell: Swiftness
  4253 | D:5      | Reached skill level 2 in Polearms
  4253 | D:5      | Reached XP level 7. HP: 40/51 MP: 2/11
  4254 | D:5      | Reached skill level 2 in Armour
  4261 | D:5      | Reached skill level 3 in Fighting
  4261 | D:5      | Reached skill level 3 in Polearms
  4261 | D:5      | Reached skill level 5 in Dodging
  4263 | D:5      | Reached skill level 4 in Polearms
  4516 | D:5      | Reached skill level 5 in Polearms
  4531 | D:5      | Reached skill level 6 in Polearms
  4717 | D:5      | Identified a +0 ring mail
  4737 | D:4      | Bought a scroll of identify for 26 gold pieces
  4737 | D:4      | Identified a potion of degeneration
  4767 | D:5      | Identified an amulet of magic regeneration
  4786 | D:5      | Identified a +0 giant club
  4796 | D:5      | Reached skill level 7 in Polearms
  4796 | D:5      | Reached XP level 8. HP: 49/58 MP: 9/12
  4804 | D:5      | Identified a +0 club
  4804 | D:5      | Identified a +0 dagger of electrocution
  4804 | D:5      | Identified a +0 chain mail
  4827 | D:5      | Identified a +0 dagger
  4827 | D:5      | Identified a +0 robe
  4831 | D:5      | Identified a +0 hand axe
  4835 | D:5      | Reached skill level 8 in Polearms
  5030 | D:5      | Found a transporter.
  5031 | D:5      | Identified a +0 spear
  5031 | D:5      | Identified a +0 ring mail
  5038 | D:5      | Identified a +0 whip
  5038 | D:5      | Identified a +0 leather armour
  5045 | D:5      | Noticed tygod's ghost (amateur MiFi)
  5047 | D:5      | Identified a +0 whip
  5047 | D:5      | Identified a +0 spear
  5049 | D:5      | Found the ring of the Octopus King
  5050 | D:5      | Identified a +0 flail
  5051 | D:5      | Identified a +0 club
  5052 | D:5      | Found a transporter.
  5096 | D:5      | Identified the +1 trident of Ycroduyvvi {pain, rC++ Str+4}
  5096 | D:5      | Identified a +2 ring mail
  5096 | D:5      | Identified a +1 kite shield
  5109 | D:5      | Identified a +2 halberd of venom
  5316 | D:6      | Identified a +4 ring of evasion
  5328 | D:6      | Identified a +0 robe
  5372 | D:6      | Identified a +0 halberd
  5372 | D:6      | Identified a +0 whip
  5372 | D:6      | Identified a +0 whip
  5375 | D:6      | Reached skill level 9 in Polearms
  5395 | D:6      | Found a bloodstained altar of Trog.
  5643 | D:6      | Identified a +0 hunting sling
  5687 | D:6      | Identified a ring of wizardry
  5700 | D:6      | Found a runed translucent gate.
  5700 | D:6      | Found a runed translucent gate.
  5702 | D:6      | Found a runed translucent gate.
  5705 | D:6      | Noticed Dazliare's ghost (novice GnEn)
  5808 | D:6      | Identified a +0 ring mail
  6072 | D:6      | Reached skill level 10 in Polearms
  6288 | D:6      | Identified 4 scrolls of teleportation
  6289 | D:6      | Identified 2 scrolls of noise
  6290 | D:6      | Identified 2 scrolls of amnesia
  6291 | D:6      | Identified 2 scrolls of torment
  6436 | D:6      | Identified a scroll of enchant weapon
  6456 | D:6      | Identified a +0 flail
  6706 | D:7      | Reached skill level 11 in Polearms
  6729 | D:7      | Identified a +0 whip
  6729 | D:7      | Identified a +0 robe
  6731 | D:7      | Identified a +0 halberd
  6731 | D:7      | Identified a +0 whip
  6734 | D:7      | Identified a +0 halberd
  6738 | D:7      | Identified a +0 spear
  6918 | D:7      | Identified a +0 giant club
  6957 | D:7      | Identified a potion of heal wounds
  6958 | D:7      | Identified 4 potions of curing
  6959 | D:7      | Identified 3 potions of mutation
  6959 | D:7      | Gained mutation: Your muscles are strong. (Str +2) [potion
                  | of mutation]
  6959 | D:7      | Gained mutation: You are covered in fur. (AC +1) [potion of
                  | mutation]
  6959 | D:7      | Gained mutation: Your body sometimes deteriorates upon
                  | taking damage. [potion of mutation]
  6960 | D:7      | Lost mutation: Your muscles are strong. (Str +2) [potion of
                  | mutation]
  6960 | D:7      | Lost mutation: Your body sometimes deteriorates upon taking
                  | damage. [potion of mutation]
  6960 | D:7      | Gained mutation: You are clumsy. (Dex -2) [potion of
                  | mutation]
  6960 | D:7      | Lost mutation: You are clumsy. (Dex -2) [potion of
                  | mutation]
  7011 | D:7      | Reached XP level 9. HP: 63/63 MP: 13/13
  7423 | D:7      | Found a sparkling altar of Nemelex Xobeh.
  7465 | D:7      | Found a staircase to the Ecumenical Temple.
  7471 | Temple   | Entered the Ecumenical Temple
  7582 | Temple   | Became a worshipper of Warmaster Okawaru
  7638 | D:7      | Reached skill level 1 in Conjurations
  7718 | D:7      | Reached skill level 1 in Air Magic
  7773 | D:7      | Identified a +0 giant club
  8028 | D:7      | Found Oschus's Antique Armour Shoppe.
  8164 | D:8      | Reached skill level 1 in Invocations
  8224 | D:8      | Identified a potion of attraction
  8341 | D:8      | Identified a +4 scimitar of flaming
  8341 | D:8      | Identified a +0 robe
  8341 | D:8      | Noticed Erica
  8363 | D:8      | Killed Erica
  8363 | D:8      | Reached * piety under Okawaru
  8363 | D:8      | Reached ** piety under Okawaru
  8364 | D:8      | Reached skill level 4 in Fighting
  8364 | D:8      | Reached skill level 12 in Polearms
  8364 | D:8      | Reached skill level 6 in Dodging
  8364 | D:8      | Reached skill level 2 in Conjurations
  8386 | D:8      | Reached skill level 2 in Air Magic
  8386 | D:8      | Reached XP level 10. HP: 46/73 MP: 9/15
  8518 | D:8      | Reached skill level 4 in Spellcasting
  8518 | D:8      | Reached skill level 2 in Invocations
  8538 | D:8      | Identified a +0 flail
  8538 | D:8      | Identified a +0 shortbow
  8538 | D:8      | Identified a +0 robe
  8562 | D:8      | You fall into a shaft and drop 1 floor!
  8568 | D:9      | Identified a +0 scale mail
  8593 | D:9      | Identified a +0 flail
  8710 | D:9      | Identified a +0 spear
  8710 | D:9      | Identified a +0 ring mail
  8713 | D:9      | Identified a +0 spear
  8714 | D:9      | Identified a +0 spear of venom
  8720 | D:9      | HP: 17/73 [gnoll sergeant (9)]
  8727 | D:9      | Reached skill level 3 in Armour
  8727 | D:9      | Reached skill level 1 in Evocations
  8818 | D:9      | Identified a +0 long sword
  8818 | D:9      | Identified a +0 robe
  8818 | D:9      | Identified a +2 falchion of freezing
  8818 | D:9      | Identified a +0 robe
  8828 | D:9      | Identified a +0 glaive of venom
  8828 | D:9      | Identified +0 acid dragon scales
  8828 | D:9      | Noticed Maggie
  9058 | D:4      | Bought a scroll of enchant armour for 97 gold pieces
  9058 | D:4      | Bought a scroll of teleportation for 39 gold pieces
  9058 | D:4      | Bought a scroll of fear for 45 gold pieces
  9058 | D:4      | Bought a scroll of fog for 26 gold pieces
  9058 | D:4      | Bought a scroll of teleportation for 39 gold pieces
  9121 | D:5      | Killed tygod's ghost
  9121 | D:5      | Reached *** piety under Okawaru
  9122 | D:5      | Reached skill level 7 in Ice Magic
  9412 | D:5      | Learned a level 4 spell: Animate Dead
  9433 | D:5      | Identified a +0 chain mail
  9435 | D:5      | Identified a ring of the Octopus King {rF+ AC+1 EV+1 Str+1
                  | Int+1 Dex+1}
  9544 | D:6      | Identified 3 potions of lignification
  9557 | D:6      | Killed Dazliare's ghost
  9558 | D:6      | Reached skill level 5 in Fighting
  9558 | D:6      | Reached skill level 1 in Poison Magic
  9667 | D:4      | Bought a scroll of magic mapping for 45 gold pieces
  9819 | D:8      | Identified a +0 pair of boots
  9974 | D:8      | Identified a potion of haste
 10000 | D:8      | Identified a potion of cancellation
 10085 | D:8      | Identified a +0 flail
 10086 | D:8      | Identified a +0 halberd
 10086 | D:8      | Identified a +0 chain mail
 10092 | D:8      | Identified a +2 short sword of speed
 10095 | D:8      | Identified a +0 club
 10123 | D:8      | Identified a +0 dagger
 10123 | D:8      | Identified a +0 chain mail
 10383 | D:9      | Identified a +0 shortbow
 10403 | D:8      | Reached skill level 3 in Invocations
 10468 | D:9      | Found a staircase to the Lair.
 10470 | D:9      | Identified a +0 giant club
 10470 | D:9      | Identified a +0 giant club
 10470 | D:9      | Noticed a two-headed ogre
 10481 | D:9      | Reached skill level 13 in Polearms
 10501 | D:8      | Reached **** piety under Okawaru
 10502 | D:8      | Reached skill level 7 in Dodging
 10502 | D:8      | Reached skill level 1 in Necromancy
 10502 | D:8      | Reached skill level 2 in Evocations
 10716 | D:9      | Identified a +4 ring of protection
 10922 | D:9      | Paralysed by Maggie for 5 turns
 10926 | D:9      | HP: 18/74 [poisoned by Maggie]
 10930 | D:9      | Killed Maggie
 10931 | D:9      | HP: 26/114 [poisoned by Maggie]
 11286 | D:9      | Killed a two-headed ogre
 11287 | D:9      | Reached skill level 6 in Fighting
 11287 | D:9      | Reached skill level 2 in Poison Magic
 11319 | D:9      | Identified a +0 troll leather armour
 11320 | D:9      | Reached XP level 11. HP: 81/81 MP: 17/17
 11390 | D:9      | Identified a ring of poison resistance
 11459 | D:9      | Reached ***** piety under Okawaru
 11490 | D:9      | Identified a +0 ring mail
 11534 | D:9      | Identified a +0 dagger
 11534 | D:9      | Identified a +2 dagger of electrocution
 11534 | D:9      | Identified a +0 club
 11534 | D:9      | Identified a +0 short sword
 11534 | D:9      | Identified a +0 club
 11534 | D:9      | Identified a +0 short sword
 11534 | D:9      | Identified a +0 short sword
 11534 | D:9      | Identified a +0 dagger
 11534 | D:9      | Identified a +0 robe
 11534 | D:9      | Identified a +0 dagger
 11534 | D:9      | Identified a +0 short sword
 11534 | D:9      | Identified a +0 dagger
 11534 | D:9      | Identified a +0 dagger
 11534 | D:9      | Identified a +0 short sword
 11534 | D:9      | Identified a +0 dagger
 11534 | D:9      | Identified a +0 club
 11534 | D:9      | Identified a +0 whip
 11534 | D:9      | Identified a +0 whip
 11534 | D:9      | Identified a +0 whip
 11535 | D:9      | Identified a +4 dagger
 11535 | D:9      | Identified a +0 hand crossbow
 11535 | D:9      | Identified a +0 dagger
 11536 | D:9      | Identified a +0 whip
 11536 | D:9      | Identified a +0 dagger
 11537 | D:9      | Identified a +0 whip
 11537 | D:9      | Identified a +0 dagger
 11537 | D:9      | Identified a +0 club
 11548 | D:9      | Reached skill level 4 in Invocations
 11557 | D:9      | Reached skill level 2 in Necromancy
 11557 | D:9      | Reached skill level 3 in Evocations
 11571 | D:9      | HP: 20/83 [poisoned by a kobold brigand]
 11579 | D:9      | HP: 20/83 [poisoned by a kobold brigand]
 11869 | D:9      | Identified a +0 falchion
 11869 | D:9      | Identified a +0 robe
 11874 | D:9      | Identified a +2 dagger
 11874 | D:9      | Identified a +0 robe
 11973 | D:9      | Found a staircase to the Orcish Mines.
 11974 | D:9      | Identified a +0 dagger
 11974 | D:9      | Identified a +0 robe
 11976 | D:9      | Identified a +0 whip
 11999 | D:9      | Identified a +0 club
 11999 | D:9      | Identified a +2 leather armour of fire resistance
 12001 | D:9      | Identified a +0 club
 12001 | D:9      | Identified a +0 leather armour
 12001 | D:9      | Identified a +2 mace of protection
 12001 | D:9      | Identified a +0 leather armour
 12001 | D:9      | Identified a +0 flail
 12002 | D:9      | Identified a +0 club
 12002 | D:9      | Identified a +0 leather armour
 12002 | D:9      | Identified a +0 scimitar
 12002 | D:9      | Identified a +0 plate armour
 12002 | D:9      | Identified a +0 mace
 12002 | D:9      | Identified a +0 scale mail
 12025 | D:9      | Identified a +0 ring mail
 12083 | D:10     | Entered Level 10 of the Dungeon
 12147 | D:10     | Identified a +0 short sword
 12147 | D:10     | Identified a +0 ring mail
 12150 | D:10     | Identified a +0 dagger
 12150 | D:10     | Identified a +0 robe
 12150 | D:10     | Identified a +0 hand axe
 12150 | D:10     | Identified a +0 leather armour
 12197 | D:10     | Reached skill level 7 in Fighting
 12382 | D:10     | Noticed a manticore
 12383 | D:10     | Identified a +0 hand axe
 12383 | D:10     | Identified a +1 robe of resistance
 12422 | D:10     | Received a gift from Okawaru
 12521 | D:10     | Identified a +0 giant club
 12521 | D:10     | Identified a +0 giant club
 12521 | D:10     | Noticed a two-headed ogre
 12526 | D:10     | Killed a two-headed ogre
 12526 | D:10     | Identified a +2 pair of gloves of stealth (Okawaru gifted
                  | it to you on level 10 of the Dungeon)
 12526 | D:10     | Received a gift from Okawaru
 12527 | D:10     | Reached skill level 14 in Polearms
 12527 | D:10     | Reached skill level 4 in Armour
 12636 | D:10     | Found an ancient bone altar of Kikubaaqudgha.
 12731 | D:10     | Reached skill level 8 in Dodging
 12731 | D:10     | Reached skill level 8 in Ice Magic
 12877 | D:10     | Identified a +0 cloak
 13063 | D:4      | Bought a scroll of enchant armour for 97 gold pieces
 13242 | D:10     | Found Umyjixaz's Magic Scroll Shop.
 13248 | D:10     | Found Cikawuw's Mass Market.
 13250 | D:10     | Bought a scroll of identify for 30 gold pieces
 13250 | D:10     | Identified a scroll of summoning
 13373 | D:10     | Identified a +0 scale mail
 13624 | D:11     | Identified a +0 shortbow
 13624 | D:11     | Noticed a centaur warrior
 13630 | D:11     | Noticed a boulder beetle
 13643 | D:11     | HP: 12/84 [boulder beetle (45)]
 13994 | Lair:1   | Entered Level 1 of the Lair of Beasts
 14199 | Lair:1   | Identified a scroll of immolation
 14239 | Lair:1   | Noticed a five-headed hydra
 14257 | Lair:1   | Found a runed translucent door.
 14270 | Lair:1   | Reached skill level 5 in Invocations
 14270 | Lair:1   | Reached XP level 12. HP: 88/92 MP: 16/18
 14272 | Lair:1   | Reached skill level 8 in Fighting
 14408 | Lair:1   | Learned a level 2 spell: Blink
 14522 | Lair:1   | Identified a +0 halberd
 14528 | Lair:1   | Reached skill level 3 in Necromancy
 14662 | Lair:1   | Identified a potion of magic
 15041 | Lair:1   | Noticed Exaltedone87's ghost (journeyman PaFi)
 15051 | Lair:1   | Killed a five-headed hydra
 15052 | Lair:1   | Reached skill level 1 in Translocations
 15163 | Lair:2   | Noticed a four-headed hydra
 15708 | Lair:2   | Reached skill level 15 in Polearms
 15806 | Lair:2   | Found a staircase to the Snake Pit.
 15806 | Lair:2   | Identified a +0 war axe
 15807 | Lair:2   | Identified a +0 short sword
 15807 | Lair:2   | Identified a +0 scimitar
 15807 | Lair:2   | Identified a +0 robe
 15807 | Lair:2   | Identified a +0 flail
 15828 | Lair:2   | Reached skill level 9 in Dodging
 15973 | Lair:2   | Identified a +0 dagger
 15983 | Lair:2   | Identified a +0 club
 16216 | Lair:2   | Reached skill level 2 in Translocations
 16486 | Lair:2   | Killed a four-headed hydra
 16487 | Lair:2   | Reached skill level 5 in Spellcasting
 16524 | Lair:3   | Noticed an eight-headed hydra
 16560 | Lair:2   | Killed an eight-headed hydra
 16560 | Lair:2   | Received a gift from Okawaru
 16560 | Lair:2   | Reached ****** piety under Okawaru
 16561 | Lair:2   | Reached skill level 9 in Ice Magic
 17022 | Lair:3   | Identified a +0 rapier
 17036 | Lair:3   | Reached skill level 4 in Necromancy
 17144 | Lair:3   | Noticed an ice dragon
 17157 | Lair:3   | Killed an ice dragon
 17611 | Lair:3   | Noticed a boulder beetle
 17627 | Lair:3   | Killed a boulder beetle
 17628 | Lair:3   | Reached skill level 16 in Polearms
 17628 | Lair:3   | Reached skill level 3 in Translocations
 17967 | Lair:3   | Identified a scroll of blinking
 18244 | Lair:3   | Identified a +0 flail
 18255 | Lair:4   | Identified a +0 trident
 18256 | Lair:4   | Found a staircase to the Shoals.
 18256 | Lair:4   | Identified a +0 spear
 18258 | Lair:4   | Identified a +0 trident
 18259 | Lair:4   | Identified a +0 spear
 18268 | Lair:4   | HP: 23/92 [merfolk (16)]
 18270 | Lair:4   | Reached XP level 13. HP: 24/98 MP: 19/21
 18665 | Lair:4   | Identified a scarf of harm
 18719 | Lair:4   | Identified a +0 buckler
 18794 | Lair:4   | Learned a level 5 spell: Borgnjor's Vile Clutch
 18870 | Lair:4   | Reached skill level 6 in Spellcasting
 19029 | Lair:4   | Noticed Snorg
 19039 | Lair:4   | Identified a +6 vampiric demon trident (Okawaru gifted it
                  | to you on level 4 of the Lair of Beasts)
 19039 | Lair:4   | Received a gift from Okawaru
 19046 | Lair:4   | HP: 20/98 [Snorg (11)]
 19059 | Lair:4   | Killed Snorg
 19713 | Lair:2   | Reached skill level 5 in Necromancy
 20360 | Lair:5   | Reached skill level 4 in Translocations
 20377 | Lair:5   | Reached skill level 1 in Earth Magic
 20402 | Lair:5   | Identified a scroll of holy word
 20423 | Lair:5   | Found a dark tunnel.
 20434 | Volcano  | Entered a volcano
 20501 | Volcano  | Reached skill level 17 in Polearms
 20519 | Volcano  | Reached skill level 10 in Ice Magic
 20553 | Volcano  | Identified a +0 giant club of flaming
 20553 | Volcano  | Identified a +0 giant club of flaming
 20924 | Volcano  | Identified a +2 great mace of flaming
 20924 | Volcano  | Identified a +0 giant club of flaming
 20926 | Volcano  | Identified a +0 mace
 20926 | Volcano  | Identified a +0 trident
 20926 | Volcano  | Identified a +0 trident
 20926 | Volcano  | Identified a +0 mace
 20933 | Volcano  | Found a radiant altar of Vehumet.
 20933 | Volcano  | Identified a +2 flail of flaming
 20933 | Volcano  | Identified a +0 cloak
 20933 | Volcano  | Noticed a red draconian
 20933 | Volcano  | Identified a +2 spear of flaming
 20933 | Volcano  | Identified a +1 robe of fire resistance
 20936 | Volcano  | Identified the +4 halberd of Disintegration {elec, rN+
                  | Str-4 Dex+7} (Okawaru gifted it to you in a volcano)
 20936 | Volcano  | Received a gift from Okawaru
 20949 | Volcano  | Killed a red draconian
 20971 | Volcano  | Identified a +2 lajatang of flaming
 20973 | Volcano  | Identified a +0 quarterstaff of flaming
 20975 | Volcano  | Identified a +3 ring mail of fire resistance
 20978 | Volcano  | Identified a +3 scale mail of fire resistance
 21156 | Lair:5   | Identified the ring of Rihaluopn {rElec rF+ rC+++ rCorr
                  | AC+4}
 21347 | Lair:5   | Identified a +1 trident of venom
 21355 | Lair:5   | Reached skill level 2 in Earth Magic
 21625 | Lair:5   | Identified a +0 trident
 21898 | Lair:6   | Entered Level 6 of the Lair of Beasts
 21939 | Lair:6   | Reached skill level 7 in Spellcasting
 22189 | Lair:6   | Found a staircase to the Slime Pits.
 22189 | Lair:6   | Found a viscous altar of Jiyva.
 22205 | Lair:6   | Reached XP level 14. HP: 103/104 MP: 24/24
 22218 | Lair:6   | Received a gift from Okawaru
 22261 | Lair:6   | Identified a +2 vorpal halberd (Okawaru gifted it to you on
                  | level 6 of the Lair of Beasts)
 22261 | Lair:6   | Received a gift from Okawaru
 22262 | Lair:6   | Reached skill level 6 in Necromancy
 22279 | Lair:6   | Reached skill level 18 in Polearms
 22281 | Lair:6   | Identified a +0 flail
 22296 | Lair:6   | Identified a +0 flail
 22310 | Lair:6   | Identified a +1 mace of holy wrath
 22583 | Lair:6   | Identified a +0 long sword
 22659 | Lair:6   | Identified the +2 ring mail of the Armadillo {Fly} (Okawaru
                  | gifted it to you on level 6 of the Lair of Beasts)
 22659 | Lair:6   | Received a gift from Okawaru
 22660 | Lair:6   | Reached skill level 10 in Dodging
 22699 | Lair:6   | Reached skill level 9 in Fighting
 22872 | Lair:6   | Learned a level 5 spell: Manifold Assault
 22939 | Lair:6   | Identified a +0 great sword
 23077 | Lair:6   | Identified a +0 ring mail
 23271 | Lair:6   | Identified a +0 falchion
 23321 | Lair:6   | Found a large runed translucent door.
 23370 | Lair:6   | Found a large runed translucent door.
 23761 | Lair:6   | Reached skill level 5 in Armour
 23772 | Lair:6   | Identified a +0 ring mail
 24004 | D:11     | Identified a +0 scale mail
 24073 | D:11     | Identified a +0 giant club
 24073 | D:11     | Identified a +0 dire flail
 24106 | D:11     | Identified a scroll of silence
 24166 | D:11     | Found a hide-covered altar of Uskayaw.
 24168 | D:11     | Identified a +0 hand axe
 24169 | D:11     | Identified a +0 dagger
 24222 | D:11     | Identified a +0 hand axe
 24222 | D:11     | Identified a +0 chain mail
 24222 | D:11     | Identified a +0 club
 24222 | D:11     | Identified a +0 leather armour
 24222 | D:11     | Identified a +0 dagger
 24371 | D:11     | Identified a +6 ring of strength
 24403 | D:11     | Identified a +0 short sword
 24403 | D:11     | Identified a +0 chain mail
 24403 | D:11     | Identified a +0 short sword
 24403 | D:11     | Identified a +0 dagger
 24403 | D:11     | Identified a +0 robe
 24404 | D:11     | Identified a +0 short sword
 24404 | D:11     | Identified a +0 leather armour
 24405 | D:11     | Identified a +0 dagger
 24405 | D:11     | Identified a +0 robe
 24551 | D:11     | Identified a +0 giant spiked club
 24719 | D:11     | Identified a +0 falchion
 24778 | D:12     | Identified a +0 mace
 24807 | D:12     | Found a runed translucent door.
 24810 | D:12     | Noticed tiocybot's ghost (journeyman GnTm)
 24995 | D:12     | Identified a +0 troll leather armour
 25069 | D:12     | Reached skill level 19 in Polearms
 25069 | D:12     | Reached skill level 8 in Spellcasting
 25153 | D:12     | Identified a +1 longbow of flaming
 25153 | D:12     | Identified a +0 barding
 25153 | D:12     | Noticed Nessos
 25159 | D:12     | Killed Nessos
 25160 | D:12     | Reached XP level 15. HP: 114/114 MP: 27/27
 25208 | D:12     | You fall into a shaft and drop 2 floors!
 25209 | D:14     | Identified a +0 hand axe
 25209 | D:14     | Identified a +0 halberd
 25209 | D:14     | Identified a +0 scimitar
 25239 | D:13     | Identified a +1 glaive of distortion (Okawaru gifted it to
                  | you on level 13 of the Dungeon)
 25239 | D:13     | Received a gift from Okawaru
 25253 | D:13     | Identified a +0 mace
 25253 | D:13     | Identified a +0 dagger
 25253 | D:13     | Identified a +0 robe
 25350 | D:13     | Identified a +0 dagger
 25350 | D:13     | Identified a +0 leather armour
 25359 | D:13     | Identified a +4 scimitar of flaming
 25371 | D:13     | Reached skill level 3 in Earth Magic
 25667 | D:7      | Bought the +2 cloak of the Thief {*Fog Slay-2 SInv Stlth+}
                  | for 643 gold pieces
 25667 | D:7      | Found the +2 cloak of the Thief {*Fog Slay-2 SInv Stlth+}
 25843 | D:12     | Killed tiocybot's ghost
 25851 | D:12     | Identified a +2 ring mail of cold resistance
 25855 | D:12     | Got the Guide on Destructive Black Magic
 25857 | D:12     | Identified a +0 pair of gloves
 25990 | D:12     | Identified a +0 ring mail
 26004 | D:13     | Identified a +0 flail
 26028 | D:13     | Identified a +0 club
 26028 | D:13     | Identified a +0 leather armour
 26029 | D:13     | Identified a +3 whip of electrocution
 26030 | D:13     | Identified a +0 short sword
 26030 | D:13     | Identified a +0 ring mail
 26032 | D:13     | Identified a +0 mace
 26037 | D:13     | Identified a +0 dagger
 26037 | D:13     | Identified a +0 robe
 26064 | D:13     | Identified a potion of berserk rage
 26102 | D:13     | Reached skill level 7 in Necromancy
 26193 | D:13     | Identified a +0 great sword
 26193 | D:13     | Identified a +0 ring mail
 26206 | D:13     | Identified a +0 dagger
 26206 | D:13     | Identified a +0 robe
 26206 | D:13     | Identified a +0 hand axe
 26206 | D:13     | Identified a +0 leather armour
 26212 | D:13     | Identified a +0 hand axe
 26212 | D:13     | Identified a +0 leather armour
 26214 | D:13     | Identified a +0 hand axe
 26214 | D:13     | Identified a +0 robe
 26214 | D:13     | Identified a +1 great mace of distortion
 26214 | D:13     | Identified a +0 scale mail
 26236 | D:13     | Identified a +0 shortbow
 26614 | D:13     | Identified a +0 scimitar of flaming
 26614 | D:13     | Identified a +0 dagger
 26614 | D:13     | Identified a +0 robe
 26631 | D:13     | Reached skill level 11 in Dodging
 26713 | D:10     | Bought a +0 bardiche for 126 gold pieces
 26851 | D:13     | Found a gate to the Vaults.
 26851 | D:13     | Identified a +4 long sword
 26851 | D:13     | Identified a +7 long sword
 26867 | D:13     | Identified a +0 leather armour
 27015 | D:13     | Identified a +3 longbow
 27061 | D:13     | Identified a +0 giant club
 27061 | D:13     | Identified a +0 giant club
 27122 | D:13     | Identified a +0 mace
 27123 | D:13     | Identified a +0 mace
 27123 | D:13     | Identified a +0 longbow
 27132 | D:13     | Reached skill level 5 in Translocations
 27152 | D:13     | Identified a +2 buckler of positive energy (Okawaru gifted
                  | it to you on level 13 of the Dungeon)
 27152 | D:13     | Received a gift from Okawaru
 27153 | D:13     | Identified a +0 broad axe
 27153 | D:13     | Identified a +0 leather armour
 27153 | D:13     | Identified a +0 buckler
 27312 | D:13     | Identified a +0 rapier
 27312 | D:13     | Identified a +0 leather armour
 27329 | D:13     | Identified a +0 troll leather armour
 27380 | D:13     | Identified a +0 rapier
 27409 | D:13     | Identified a +0 flail of holy wrath
 27409 | D:13     | Identified a +0 robe
 27410 | D:13     | Identified a +4 mace of protection
 27495 | D:13     | Noticed a sphinx
 27495 | D:13     | Identified a +0 long sword
 27495 | D:13     | Identified a +1 robe of willpower
 27654 | D:13     | Found a glowing silver altar of Zin.
 27818 | D:13     | Paralysed by a sphinx for 7 turns
 27835 | D:13     | Killed a sphinx
 27847 | D:13     | Identified a +3 dagger of electrocution
 27872 | D:13     | Reached skill level 10 in Fighting
 28102 | D:13     | Learned a level 3 spell: Lesser Beckoning
 28118 | D:13     | Identified the +4 fire dragon scales of a bazaar {rF++ rC-
                  | Dex+6}
 28176 | D:13     | Reached skill level 3 in Air Magic
 28218 | D:14     | Noticed Kirke
 28220 | D:14     | Identified a +0 long sword
 28220 | D:14     | Identified a +0 leather armour
 28231 | D:14     | Killed Kirke
 28273 | D:14     | Identified a +0 hand axe
 28275 | D:14     | Identified a +0 battleaxe
 28325 | D:13     | HP: 24/115 [skeletal warrior[a skeletal warrior] (21)]
 28656 | D:14     | HP: 42/172 [skeletal warrior[a skeletal warrior] (17)]
 28661 | D:14     | HP: 40/172 [skeletal warrior[a skeletal warrior] (3)]
 28665 | D:14     | Reached skill level 4 in Earth Magic
 29071 | D:14     | Identified a +0 long sword
 29071 | D:14     | Identified a +0 ring mail
 29071 | D:14     | Identified a +0 shortbow
 29072 | D:14     | Identified a +0 shortbow
 29074 | D:14     | Identified a +0 shortbow
 29074 | D:14     | Identified a +0 shortbow
 29076 | D:14     | Identified a +0 shortbow
 29189 | D:14     | Identified a ring of see invisible
 29233 | D:14     | Identified a +0 shortbow
 29239 | D:14     | Identified a +1 shortbow of freezing
 29240 | D:14     | Identified a +0 shortbow
 29240 | D:14     | Identified a +0 shortbow
 29240 | D:14     | Identified a +0 shortbow
 29241 | D:14     | Identified a +0 shortbow
 29241 | D:14     | Identified a +2 shortbow of flaming
 29241 | D:14     | Identified a +0 shortbow
 29245 | D:14     | Identified a +0 shortbow
 29246 | D:14     | Identified a +0 shortbow
 29248 | D:14     | Identified a +0 shortbow
 29262 | D:14     | Reached XP level 16. HP: 79/122 MP: 24/28
 29390 | D:14     | Identified a +0 troll leather armour
 29542 | D:14     | Identified a +1 spear of flaming
 29661 | D:14     | Identified a potion of resistance
 29931 | D:15     | Entered Level 15 of the Dungeon
 29931 | D:15     | Identified a +0 arbalest
 29931 | D:15     | Identified a +1 long sword
 29931 | D:15     | Identified a +0 leather armour
 29931 | D:15     | Identified a +1 kite shield of reflection
 29931 | D:15     | Identified a +0 great mace
 29931 | D:15     | Identified a +0 leather armour
 29934 | D:15     | Identified a +0 short sword
 29955 | D:15     | Reached skill level 20 in Polearms
 30014 | D:15     | Found a gate leading to a gauntlet.
 30023 | Gauntlet | Entered a Gauntlet
 30023 | Gauntlet | Found a transporter.
 30023 | Gauntlet | Found a transporter.
 30027 | Gauntlet | Found a transporter.
 30029 | Gauntlet | Found a transporter.
 30037 | Gauntlet | Found a transporter.
 30041 | Gauntlet | Found a transporter.
 30053 | Gauntlet | Found a transporter.
 30055 | Gauntlet | Found a transporter.
 30055 | Gauntlet | Found a transporter.
 30055 | Gauntlet | Noticed an entropy weaver
 30079 | Gauntlet | Found a transporter.
 30089 | Gauntlet | Found a transporter.
 30093 | Gauntlet | Found a transporter.
 30294 | Gauntlet | Reached skill level 6 in Armour
 30310 | Gauntlet | Identified the +1 pair of boots of the Beginning {*Slow
                  | Will+ Int+7}
 30348 | Gauntlet | Got the Incunabulum of Fetching Confrontation
 30395 | Gauntlet | Identified the ring of Omeg {rElec rPois Will+ rCorr}
 30414 | Gauntlet | Identified a +3 bardiche of holy wrath
 30414 | Gauntlet | Identified a +0 plate armour
 30429 | Gauntlet | Identified the +0 buckler of Intuition {Drain Str+4 Int+4
                  | SInv} (Okawaru gifted it to you in a Gauntlet)
 30429 | Gauntlet | Received a gift from Okawaru
 30445 | Gauntlet | Identified a +0 plate armour
 30445 | Gauntlet | Identified a +0 rapier
 30680 | D:15     | Identified an amulet of the acrobat
 30701 | D:15     | Identified a +0 short sword
 30701 | D:15     | Identified a +0 mace
 30703 | D:15     | Identified a +0 halberd
 30703 | D:15     | Identified a +2 mace of protection
 30703 | D:15     | Identified a +0 glaive
 31039 | D:15     | Identified a +0 dagger
 31039 | D:15     | Identified a +0 robe
 31039 | D:15     | Identified a +0 short sword
 31039 | D:15     | Identified a +1 flail of protection
 31087 | D:15     | Identified a +0 dagger of speed
 31087 | D:15     | Identified a +0 robe
 31101 | D:15     | Identified a +0 dagger
 31101 | D:15     | Identified a +0 robe
 31103 | D:15     | Found a staircase to the Depths.
 31262 | D:15     | Identified a +0 flail
 31262 | D:15     | Identified a +0 robe
 31262 | D:15     | Identified a +0 long sword
 31263 | D:15     | Identified a +0 quarterstaff
 31272 | D:15     | Reached skill level 9 in Spellcasting
 31283 | D:15     | Identified a +0 dagger
 31283 | D:15     | Identified a +2 robe of positive energy
 31283 | D:15     | Identified a +0 buckler
 31285 | D:15     | Reached skill level 12 in Dodging
 31285 | D:15     | Reached skill level 4 in Air Magic
 31319 | D:15     | Identified a +0 short sword
 31319 | D:15     | Identified a +0 leather armour
 31320 | D:15     | Identified a +0 rapier
 31320 | D:15     | Identified a +0 longbow
 31323 | D:15     | Reached skill level 6 in Translocations
 31655 | D:15     | Identified a +0 arbalest
 31655 | D:15     | Identified a +0 shortbow
 31656 | D:15     | Identified a +0 shortbow
 31656 | D:15     | Identified a +0 shortbow
 31658 | D:15     | Identified a +0 shortbow
 32107 | Orc:1    | Entered Level 1 of the Orcish Mines
 32107 | Orc:1    | Found a shimmering altar of Xom.
 32107 | Orc:1    | Identified a +0 giant club
 32129 | Orc:1    | Found a frozen archway.
 32150 | IceCv    | Entered an ice cave
 32163 | IceCv    | Reached skill level 8 in Necromancy
 32342 | IceCv    | Identified a potion of experience
 32343 | IceCv    | Reached skill level 11 in Fighting
 32343 | IceCv    | Reached XP level 17. HP: 130/131 MP: 30/30
 32419 | IceCv    | Identified a +1 robe of resistance
 32422 | IceCv    | Identified a +0 broad axe of freezing
 32423 | IceCv    | Identified a +1 robe of resistance
 32428 | IceCv    | Identified a +0 hunting sling of freezing
 32435 | IceCv    | Identified a +2 battleaxe of freezing
 32446 | IceCv    | Reached skill level 21 in Polearms
 32483 | IceCv    | HP: 32/131 [frost giant (6)]
 32877 | IceCv    | Identified a +1 pair of gloves of stealth (Okawaru gifted
                  | it to you in an ice cave)
 32877 | IceCv    | Received a gift from Okawaru
 33064 | Orc:1    | Identified a +0 short sword
 33065 | Orc:1    | Identified a +0 hand axe
 33065 | Orc:1    | Identified a +0 mace
 33065 | Orc:1    | Identified a +0 chain mail
 33066 | Orc:1    | Identified a +1 great mace
 33066 | Orc:1    | Identified a +0 chain mail
 33067 | Orc:1    | Identified a +0 short sword
 33067 | Orc:1    | Identified a +0 leather armour
 33144 | Orc:1    | Identified a +0 shortbow of flaming
 33192 | Orc:1    | Identified a +0 giant club
 33195 | Orc:1    | Identified a +0 mace
 33196 | Orc:1    | Identified a +0 club
 33196 | Orc:1    | Identified a +0 ring mail
 33203 | Orc:1    | Identified a +0 dagger
 33203 | Orc:1    | Identified a +0 robe
 33211 | Orc:1    | Identified a +0 dagger
 33212 | Orc:1    | Identified a +0 dagger
 33212 | Orc:1    | Identified a +0 robe
 33220 | Orc:1    | Identified a +0 trident
 33227 | Orc:1    | Identified a +0 flail
 33227 | Orc:1    | Identified a +0 chain mail
 33229 | Orc:1    | Identified a +0 scimitar
 33229 | Orc:1    | Identified a +4 plate armour
 33229 | Orc:1    | Identified a +0 falchion
 33230 | Orc:1    | Identified a +0 short sword
 33230 | Orc:1    | Identified a +0 scale mail
 33231 | Orc:1    | Identified a +0 club
 33231 | Orc:1    | Identified a +0 hand axe
 33232 | Orc:1    | Identified a +0 dagger
 33232 | Orc:1    | Identified a +0 robe
 33233 | Orc:1    | Identified a +0 morningstar
 33233 | Orc:1    | Identified a +0 plate armour
 33233 | Orc:1    | Identified a +0 club
 33236 | Orc:1    | Identified a +0 short sword
 33236 | Orc:1    | Identified a +0 ring mail
 33236 | Orc:1    | Identified a +0 flail
 33236 | Orc:1    | Identified a +0 glaive
 33236 | Orc:1    | Identified a +0 chain mail
 33237 | Orc:1    | Identified a +0 dagger
 33237 | Orc:1    | Identified a +0 robe
 33237 | Orc:1    | Identified a +0 short sword
 33238 | Orc:1    | Identified a +0 flail
 33238 | Orc:1    | Identified a +2 shortbow of freezing
 33239 | Orc:1    | Identified a +0 falchion
 33239 | Orc:1    | Identified a +0 leather armour
 33240 | Orc:1    | Identified a +0 whip
 33242 | Orc:1    | Identified a +0 whip
 33242 | Orc:1    | Identified a +0 scale mail
 33244 | Orc:1    | Identified a +0 flail
 33244 | Orc:1    | Identified a +0 chain mail
 33247 | Orc:1    | Identified a +0 hand axe
 33249 | Orc:1    | Identified a +0 flail
 33251 | Orc:1    | Identified a +0 long sword
 33251 | Orc:1    | Identified a +0 chain mail
 33251 | Orc:1    | Identified a +1 flail of draining
 33262 | Orc:1    | Identified a +0 flail
 33448 | Orc:2    | Entered Level 2 of the Orcish Mines
 33448 | Orc:2    | Found a staircase to the Elven Halls.
 33448 | Orc:2    | Identified a +0 long sword
 33448 | Orc:2    | Identified a +0 chain mail
 33448 | Orc:2    | Identified a +0 war axe
 33448 | Orc:2    | Identified a +0 ring mail
 33448 | Orc:2    | Identified a +0 club
 33448 | Orc:2    | Identified a +0 battleaxe
 33448 | Orc:2    | Identified a +0 plate armour
 33449 | Orc:2    | Identified a +0 scimitar
 33449 | Orc:2    | Identified a +0 chain mail
 33449 | Orc:2    | Identified a +0 club
 33449 | Orc:2    | Identified a +0 club
 33449 | Orc:2    | Identified a +0 ring mail
 33449 | Orc:2    | Identified a +0 flail
 33449 | Orc:2    | Identified a +0 leather armour
 33449 | Orc:2    | Identified a +0 hand axe
 33461 | Orc:2    | Identified a +0 hand axe
 33461 | Orc:2    | Identified a +0 leather armour
 33466 | Orc:2    | Identified a +0 dagger
 33466 | Orc:2    | Identified a +0 robe
 33470 | Orc:2    | Identified a +0 dagger
 33470 | Orc:2    | Identified a +0 robe
 33474 | Orc:2    | Identified a +0 dagger
 33474 | Orc:2    | Identified a +0 robe
 33518 | Orc:2    | Identified a +0 dire flail
 33518 | Orc:2    | Identified a +0 plate armour
 33519 | Orc:2    | Identified a +0 dagger
 33519 | Orc:2    | Identified a +0 robe
 33520 | Orc:2    | Identified a +2 vorpal hand axe
 33542 | Orc:2    | Identified a +0 troll leather armour
 33547 | Orc:2    | Reached XP level 18. HP: 138/138 MP: 31/31
 33619 | Orc:1    | Identified a +0 short sword
 33619 | Orc:1    | Identified a +0 chain mail
 33619 | Orc:1    | Identified a +0 short sword
 33619 | Orc:1    | Identified a +0 chain mail
 33619 | Orc:1    | Identified a +0 dagger
 33619 | Orc:1    | Identified a +0 robe
 33619 | Orc:1    | Identified a +0 dagger
 33619 | Orc:1    | Identified a +0 robe
 33619 | Orc:1    | Identified a +0 short sword
 33619 | Orc:1    | Identified a +0 falchion
 33619 | Orc:1    | Identified a +0 chain mail
 33619 | Orc:1    | Identified a +0 hand axe
 33619 | Orc:1    | Identified a +0 hand axe
 33620 | Orc:1    | Identified a +0 hand axe
 33620 | Orc:1    | Identified a +0 chain mail
 33620 | Orc:1    | Identified a +0 dagger
 33620 | Orc:1    | Identified a +0 robe
 33812 | Orc:2    | Identified a +0 hand axe
 33812 | Orc:2    | Identified a +0 chain mail
 33816 | Orc:2    | Identified a +0 giant club
 33816 | Orc:2    | Identified a +0 hand axe
 33816 | Orc:2    | Identified a +0 ring mail
 33816 | Orc:2    | Identified a +0 mace
 33816 | Orc:2    | Identified a +0 scale mail
 33816 | Orc:2    | Identified a +0 flail
 33817 | Orc:2    | Identified a +0 dire flail
 33817 | Orc:2    | Identified a +0 plate armour
 33833 | Orc:2    | Identified a +0 giant spiked club
 33835 | Orc:2    | Identified a +0 hand axe
 33835 | Orc:2    | Identified a +0 chain mail
 33841 | Orc:2    | Identified a +0 flail
 33848 | Orc:2    | Identified a +2 short sword of speed
 33848 | Orc:2    | Identified a +0 leather armour
 33873 | Orc:2    | Identified a +0 flail
 33878 | Orc:2    | Identified a +0 flail
 33879 | Orc:2    | Identified a +0 flail
 33879 | Orc:2    | Identified a +0 leather armour
 33881 | Orc:2    | Identified a +2 war axe of freezing
 33881 | Orc:2    | Identified a +0 scimitar
 33881 | Orc:2    | Identified a +0 plate armour
 33882 | Orc:2    | Identified a +0 war axe
 33893 | Orc:2    | Identified a +0 trident
 33893 | Orc:2    | Identified a +0 chain mail
 33901 | Orc:2    | Identified a +0 dagger
 33901 | Orc:2    | Identified a +0 leather armour
 33905 | Orc:2    | Identified a +0 mace
 33906 | Orc:2    | Identified a +0 mace of protection
 33906 | Orc:2    | Identified a +0 plate armour
 33915 | Orc:2    | Identified a +2 great sword
 33915 | Orc:2    | Identified a +0 plate armour
 33920 | Orc:2    | Identified a +0 halberd
 33920 | Orc:2    | Identified a +0 chain mail
 33922 | Orc:2    | Identified a +0 great sword
 33922 | Orc:2    | Identified a +0 plate armour
 33922 | Orc:2    | Identified a +0 club
 33923 | Orc:2    | Identified a +0 club
 33930 | Orc:2    | Identified a +4 glaive
 33930 | Orc:2    | Identified a +0 arbalest
 33930 | Orc:2    | Identified a +0 chain mail
 33932 | Orc:2    | Identified a +0 club
 33932 | Orc:2    | Identified a +3 leather armour
 33933 | Orc:2    | Identified a +0 whip
 33933 | Orc:2    | Identified a +0 scale mail
 33952 | Orc:2    | Identified a +0 dire flail
 33952 | Orc:2    | Identified a +0 plate armour
 33952 | Orc:2    | Identified a +0 flail
 33952 | Orc:2    | Identified a +2 hand axe of freezing
 33952 | Orc:2    | Identified a +0 chain mail
 33952 | Orc:2    | Identified a +0 trident
 33952 | Orc:2    | Identified a +0 whip
 33952 | Orc:2    | Identified a +0 hand axe
 33952 | Orc:2    | Identified a +0 plate armour
 33952 | Orc:2    | Identified a +0 scimitar of holy wrath
 33952 | Orc:2    | Identified a +0 plate armour
 33952 | Orc:2    | Identified a +0 falchion
 33956 | Orc:2    | Identified a +0 trident
 33956 | Orc:2    | Identified a +0 chain mail
 33961 | Orc:2    | Identified a +0 glaive
 33961 | Orc:2    | Identified a +0 chain mail
 33963 | Orc:2    | Identified a +0 mace
 33966 | Orc:2    | Identified a +0 great sword
 33966 | Orc:2    | Identified a +0 plate armour
 33970 | Orc:2    | Identified a +0 battleaxe
 33970 | Orc:2    | Identified a +0 plate armour
 33976 | Orc:2    | Identified a +0 scimitar
 33976 | Orc:2    | Identified a +0 chain mail
 33978 | Orc:2    | Identified a +0 falchion
 34005 | Orc:2    | Identified a +0 hand axe
 34005 | Orc:2    | Identified a +1 scale mail of poison resistance
 34013 | Orc:2    | Identified a +0 flail
 34024 | Orc:2    | Identified a +0 club
 34024 | Orc:2    | Identified a +0 dagger
 34024 | Orc:2    | Identified a +0 robe
 34031 | Orc:2    | Identified a +0 hand axe
 34032 | Orc:2    | Identified a +0 club
 34032 | Orc:2    | Identified a +0 scale mail
 34101 | Orc:2    | Identified a +0 trident
 34101 | Orc:2    | Identified a +0 chain mail
 34154 | Orc:2    | Identified a +0 club
 34154 | Orc:2    | Identified a +0 scale mail
 34157 | Orc:2    | Identified a +0 glaive
 34157 | Orc:2    | Identified a +0 chain mail
 34338 | Orc:2    | Identified a +0 whip
 34338 | Orc:2    | Identified a +0 leather armour
 34405 | Orc:2    | Found Ycra's Jewellery Shop.
 34405 | Orc:2    | Found Laubog's Weapon Emporium.
 34485 | Orc:2    | Identified a +0 trident
 34485 | Orc:2    | Identified a +0 leather armour
 34485 | Orc:2    | Identified a +0 flail
 34485 | Orc:2    | Identified a +0 leather armour
 34486 | Orc:2    | Identified a +0 scimitar
 34486 | Orc:2    | Identified a +0 plate armour
 34548 | Orc:2    | Identified a +0 giant club
 34553 | Orc:2    | Identified a +0 dagger
 34553 | Orc:2    | Identified a +0 robe
 34557 | Orc:2    | Identified a +0 short sword
 34557 | Orc:2    | Identified a +0 plate armour
 34562 | Orc:2    | Identified a +0 whip
 34562 | Orc:2    | Identified a +0 ring mail
 34562 | Orc:2    | Identified a +0 vorpal morningstar
 34562 | Orc:2    | Identified a +0 dagger
 34562 | Orc:2    | Identified a +0 robe
 34583 | Orc:2    | Identified a +0 vampiric hand axe
 34583 | Orc:2    | Identified a +0 plate armour
 34585 | Orc:2    | Identified a +0 club
 34585 | Orc:2    | Identified a +0 leather armour
 34585 | Orc:2    | Identified a +0 flail
 34586 | Orc:2    | Identified a +0 dagger
 34586 | Orc:2    | Identified a +0 robe
 34629 | Orc:2    | Identified a +0 mace
 34629 | Orc:2    | Identified a +0 plate armour
 34629 | Orc:2    | Identified a +0 dagger
 34629 | Orc:2    | Identified a +0 hand axe
 34629 | Orc:2    | Identified a +0 falchion
 34629 | Orc:2    | Identified a +0 leather armour
 34629 | Orc:2    | Identified a +0 flail
 34629 | Orc:2    | Identified a +0 leather armour
 34629 | Orc:2    | Identified a +0 dagger of venom
 34629 | Orc:2    | Identified a +0 leather armour
 34629 | Orc:2    | Identified a +0 dire flail
 34629 | Orc:2    | Identified a +0 plate armour
 34629 | Orc:2    | Identified a +2 whip of flaming
 34629 | Orc:2    | Identified a +0 leather armour
 34629 | Orc:2    | Identified a +0 flail
 34629 | Orc:2    | Identified a +0 chain mail
 34629 | Orc:2    | Identified a +0 long sword
 34629 | Orc:2    | Identified a +0 chain mail
 34630 | Orc:2    | Identified a +0 battleaxe
 34630 | Orc:2    | Identified a +0 chain mail
 34630 | Orc:2    | Found Qodenusi's Armour Emporium.
 34630 | Orc:2    | Found Puffovya's Weapon Shop.
 34630 | Orc:2    | Identified a +0 flail
 34630 | Orc:2    | Identified a +0 plate armour
 34630 | Orc:2    | Identified a +0 short sword
 34630 | Orc:2    | Identified a +0 chain mail
 34630 | Orc:2    | Identified a +0 dagger
 34630 | Orc:2    | Identified a +0 morningstar
 34630 | Orc:2    | Identified a +0 plate armour
 34630 | Orc:2    | Identified a +0 dire flail
 34630 | Orc:2    | Identified a +0 chain mail
 34630 | Orc:2    | Identified a +0 scimitar
 34630 | Orc:2    | Identified a +0 chain mail
 34888 | Orc:2    | Identified a +0 giant spiked club
 35030 | Elf:1    | Entered Level 1 of the Elven Halls
 35047 | Elf:1    | Identified a +0 long sword
 35047 | Elf:1    | Identified a +0 ring mail
 35104 | Elf:1    | Identified a +0 dagger
 35210 | Elf:1    | Identified a +0 robe
 35210 | Elf:1    | Noticed Jorgrun
 35364 | Snake:1  | Entered Level 1 of the Snake Pit
 35367 | Snake:1  | Identified a +0 short sword
 35367 | Snake:1  | Identified a +0 shortbow
 35367 | Snake:1  | Identified a +0 robe
 35381 | Snake:1  | Reached skill level 10 in Spellcasting
 35443 | Snake:1  | Identified a +0 long sword
 35443 | Snake:1  | Identified a +0 arbalest
 35443 | Snake:1  | Identified a +0 robe
 35448 | Snake:1  | Identified a +0 flail
 35448 | Snake:1  | Identified a +0 arbalest
 35448 | Snake:1  | Identified a +1 robe of positive energy
 35584 | Snake:1  | Identified a +0 short sword
 35584 | Snake:1  | Identified a +0 shortbow
 35732 | Orc:2    | Bought the ring "Acerobes" {rPois MP+9 Str+6 Int+8 Dex-3}
                  | for 1486 gold pieces
 35889 | Snake:1  | Reached skill level 13 in Dodging
 35899 | Snake:1  | Noticed Aizul
 35929 | Snake:1  | Killed Aizul
 36131 | Snake:1  | Identified a +0 hand axe
 36131 | Snake:1  | Identified a +2 vorpal arbalest
 36275 | Snake:1  | Identified a +0 mace
 36366 | Snake:1  | Identified a +0 short sword
 36415 | Snake:1  | Identified a +1 morningstar of holy wrath
 36415 | Snake:1  | Identified a +0 plate armour
 36415 | Snake:1  | Identified a +2 tower shield
 36415 | Snake:1  | Noticed Louise
 36424 | Snake:1  | Identified a +0 flail
 36435 | Snake:1  | Identified a +0 scimitar
 36435 | Snake:1  | Identified a +0 arbalest
 36435 | Snake:1  | Identified a +0 trident
 36437 | Snake:1  | Killed Louise
 36439 | Snake:1  | Identified a +0 hand axe
 36439 | Snake:1  | Identified a +1 longbow of freezing
 36439 | Snake:1  | Identified a +0 robe
 36443 | Snake:1  | Identified a +0 dire flail
 36838 | Snake:1  | Identified a +0 whip
 36838 | Snake:1  | Identified a +0 robe
 36941 | Snake:1  | Identified a +1 cloak
 37055 | Snake:2  | Reached skill level 7 in Armour
 37055 | Snake:2  | Identified a +0 quarterstaff
 37055 | Snake:2  | Identified a +0 robe
 37057 | Snake:2  | Identified a +2 vorpal war axe
 37057 | Snake:2  | Identified a +0 robe
 37057 | Snake:2  | Identified a +0 spear
 37057 | Snake:2  | Identified a +0 robe
 37102 | Snake:2  | Identified a +0 trident
 37284 | Snake:2  | Identified a +4 shortbow of flaming
 37286 | Snake:2  | Identified a +0 short sword
 37302 | Snake:2  | Identified the +4 halberd of the Sky {holy, rF+ Dex+3}
                  | (Okawaru gifted it to you on level 2 of the Snake Pit)
 37302 | Snake:2  | Received a gift from Okawaru
 37328 | Snake:2  | Found Welahi's Antique Armour Shoppe.
 37330 | Snake:2  | Found Bipaic's Jewellery Emporium.
 37330 | Snake:2  | Found Zail's Antique Armour Shoppe.
 37332 | Snake:2  | Identified a +0 short sword
 37333 | Snake:2  | Found Ebost's Distillery.
 37333 | Snake:2  | Identified a +0 flail
 37333 | Snake:2  | Identified a +0 robe
 37352 | Snake:2  | Identified a +6 ring of intelligence
 37360 | Snake:2  | Bought 2 potions of heal wounds for 140 gold pieces
 37389 | Snake:2  | Identified a +0 glaive
 37389 | Snake:2  | Identified a +0 robe
 37392 | Snake:2  | Identified a +0 short sword
 37394 | Snake:2  | Identified a +0 club
 37394 | Snake:2  | Identified a +0 robe
 37396 | Snake:2  | Identified a +0 war axe
 37415 | Snake:2  | Reached skill level 7 in Translocations
 37415 | Snake:2  | Identified a +0 spear
 37572 | Snake:2  | Identified a +0 long sword
 37572 | Snake:2  | Identified a +0 robe
 37572 | Snake:2  | Identified a +2 halberd of venom
 37572 | Snake:2  | Identified a +0 robe
 37611 | Snake:2  | Identified a +0 spear
 37611 | Snake:2  | Identified a +0 robe
 37638 | Snake:2  | Identified a +3 ring mail
 37735 | Snake:2  | Identified a +0 short sword
 37791 | Snake:2  | Identified a +0 leather armour
 37817 | Snake:2  | Identified a +0 dagger
 37869 | Snake:3  | Identified a +0 battleaxe
 37871 | Snake:3  | Identified a +0 flail
 37871 | Snake:3  | Identified a +0 robe
 37872 | Snake:3  | Identified a +0 halberd
 37872 | Snake:3  | Identified a +0 shortbow
 37872 | Snake:3  | Identified a +0 scimitar
 37872 | Snake:3  | Identified a +0 longbow
 37880 | Snake:3  | Identified a +0 whip
 37880 | Snake:3  | Identified a +0 robe
 37880 | Snake:3  | Identified a +0 flail
 37880 | Snake:3  | Identified a +0 robe
 37884 | Snake:3  | Identified a +0 dire flail
 37893 | Snake:3  | Identified a +0 mace
 37991 | Snake:3  | Identified a +0 halberd
 37991 | Snake:3  | Identified a +0 arbalest
 37991 | Snake:3  | Identified a +0 robe
 38007 | Snake:3  | Found a runed translucent door.
 38007 | Snake:3  | Found a shimmering altar of Xom.
 38007 | Snake:3  | Noticed ProzacElf's ghost (adept HOAK)
 38007 | Snake:3  | Identified a +4 rapier of chaos
 38013 | Snake:3  | Identified a +0 falchion
 38031 | Snake:3  | Identified a +0 short sword
 38031 | Snake:3  | Identified a +0 shortbow
 38031 | Snake:3  | Identified a +0 scimitar
 38032 | Snake:3  | Identified a +0 short sword
 38032 | Snake:3  | Identified a +0 longbow
 38033 | Snake:3  | Identified a +0 war axe
 38033 | Snake:3  | Identified a +0 robe
 38218 | Snake:3  | Identified a +0 short sword
 38218 | Snake:3  | Identified a +0 longbow
 38219 | Snake:3  | Identified a +0 hand axe
 38219 | Snake:3  | Identified a +0 robe
 38221 | Snake:3  | Identified a +0 flail
 38226 | Snake:3  | Identified a +0 morningstar
 38226 | Snake:3  | Identified a +0 robe
 38226 | Snake:3  | Identified a +0 glaive
 38226 | Snake:3  | Identified a +0 hand axe
 38229 | Snake:3  | Reached skill level 22 in Polearms
 38235 | Snake:3  | Identified a +0 glaive
 38240 | Snake:3  | Identified a +6 glaive of protection (Okawaru gifted it to
                  | you on level 3 of the Snake Pit)
 38240 | Snake:3  | Received a gift from Okawaru
 38240 | Snake:3  | HP: 35/140 [poisoned by a naga warrior (splash of poison)]
 38241 | Snake:3  | Identified a +0 halberd
 38241 | Snake:3  | Identified a +0 robe
 38620 | Snake:3  | Identified a +0 glaive
 38620 | Snake:3  | Identified a +0 robe
 38627 | Snake:3  | Identified a +0 shortbow of flaming
 38633 | Snake:3  | Identified a +0 glaive
 38634 | Snake:3  | Identified a +0 spear
 38637 | Snake:3  | Identified a +0 dire flail
 38665 | Snake:3  | Reached skill level 11 in Ice Magic
 38777 | Snake:3  | Reached skill level 12 in Fighting
 38781 | Snake:3  | Reached skill level 9 in Necromancy
 38923 | Snake:3  | Identified a +1 pair of gloves of archery (Okawaru gifted
                  | it to you on level 3 of the Snake Pit)
 38923 | Snake:3  | Received a gift from Okawaru
 38924 | Snake:3  | Reached XP level 19. HP: 83/146 MP: 20/33
 39209 | Snake:3  | Identified a +2 scimitar of flaming
 39210 | Snake:3  | Identified a +0 trident of venom
 39210 | Snake:3  | Identified a +0 mace
 39210 | Snake:3  | Identified a +0 robe
 39212 | Snake:3  | Identified a +0 spear
 39212 | Snake:3  | Identified a +0 robe
 39254 | Snake:3  | Identified a +0 club
 39325 | Snake:3  | Identified a +0 quarterstaff
 39325 | Snake:3  | Identified a +0 robe
 39325 | Snake:3  | Identified a +0 halberd
 39327 | Snake:3  | Identified a +4 halberd
 39507 | Snake:3  | Identified a +0 trident
 39507 | Snake:3  | Identified a +0 longbow
 39516 | Snake:3  | Identified a +0 club
 39532 | Snake:3  | Identified a +0 flail
 39532 | Snake:3  | Identified a +0 robe
 39613 | Snake:3  | Identified a +0 battleaxe
 39617 | Snake:3  | Identified a +0 spear
 39722 | Snake:3  | Identified a +0 flail
 40024 | Snake:4  | Entered Level 4 of the Snake Pit
 40026 | Snake:4  | Identified a +0 scimitar
 40026 | Snake:4  | Identified a +0 shortbow
 40027 | Snake:4  | Identified a +0 scimitar
 40027 | Snake:4  | Identified a +0 shortbow
 40027 | Snake:4  | Identified a +0 robe
 40027 | Snake:4  | Identified a +0 battleaxe
 40028 | Snake:4  | Identified a +0 scimitar
 40101 | Snake:4  | Identified a +0 flail
 40102 | Snake:4  | Identified a +0 scimitar
 40104 | Snake:4  | Identified a +0 whip
 40104 | Snake:4  | Identified a +0 flail
 40104 | Snake:4  | Identified a +0 robe
 40107 | Snake:4  | Identified a +0 flail
 40118 | Snake:4  | Identified a +0 flail
 40118 | Snake:4  | Identified a +0 robe
 40120 | Snake:4  | Identified a +0 halberd
 40122 | Snake:4  | Identified a +0 halberd
 40125 | Snake:4  | Identified a +0 mace
 40126 | Snake:4  | Identified a +0 club
 40126 | Snake:4  | Identified a +0 hand axe
 40238 | Snake:4  | Identified a +0 hand axe
 40238 | Snake:4  | Identified a +0 robe
 40238 | Snake:4  | Identified a +0 scimitar
 40249 | Snake:4  | Identified a +0 short sword
 40249 | Snake:4  | Identified a +0 robe
 40381 | Snake:2  | Bought a potion of heal wounds for 70 gold pieces
 40381 | Snake:2  | Bought a potion of heal wounds for 70 gold pieces
 40494 | Snake:4  | Identified a +0 flail
 40494 | Snake:4  | Identified a +0 arbalest
 40494 | Snake:4  | Identified a +0 robe
 40496 | Snake:4  | Identified a +0 club
 40519 | Snake:4  | Identified a +0 long sword
 40519 | Snake:4  | Identified a +0 robe
 40520 | Snake:4  | Identified a +0 quarterstaff
 40520 | Snake:4  | Identified a +0 robe
 40520 | Snake:4  | Identified a +0 halberd
 40520 | Snake:4  | Identified a +0 dire flail
 40523 | Snake:4  | Identified a +0 scimitar
 40523 | Snake:4  | Identified a +0 flail
 40549 | Snake:4  | Identified a +0 battleaxe
 40549 | Snake:4  | Identified a +0 shortbow
 40549 | Snake:4  | Identified a +0 robe
 40550 | Snake:4  | Identified a +0 scimitar
 40550 | Snake:4  | Identified a +0 longbow
 40640 | Snake:4  | Found Zoystruef's Antique Armour Shoppe.
 40879 | Snake:4  | Identified a +0 war axe
 40879 | Snake:4  | Identified a +0 robe
 40909 | Snake:4  | Identified a +0 halberd
 40909 | Snake:4  | Identified a +0 plate armour
 40910 | Snake:4  | Identified a +0 giant club
 40911 | Snake:4  | Identified a +0 mace
 40912 | Snake:4  | Identified a +0 club
 40913 | Snake:4  | Identified a +0 dagger
 40913 | Snake:4  | Identified a +0 leather armour
 40913 | Snake:4  | Identified a +2 long sword
 40913 | Snake:4  | Identified a +0 plate armour
 40913 | Snake:4  | Noticed Saint Roka
 40914 | Snake:4  | Identified a +0 mace
 40914 | Snake:4  | Identified a +0 ring mail
 40914 | Snake:4  | Identified a +0 short sword
 40915 | Snake:4  | Identified a +0 whip
 40915 | Snake:4  | Identified a +2 leather armour of cold resistance
 40941 | Snake:4  | Killed Saint Roka
 40942 | Snake:4  | Reached skill level 12 in Ice Magic
 41265 | Snake:4  | Identified a +0 battleaxe
 41265 | Snake:4  | Identified a +0 robe
 41268 | Snake:4  | Identified a +0 short sword
 41268 | Snake:4  | Identified a +0 arbalest
 41268 | Snake:4  | Identified a +0 club
 41268 | Snake:4  | Identified a +0 robe
 41294 | Snake:4  | Reached skill level 14 in Dodging
 41301 | Snake:4  | Identified a +0 trident
 41301 | Snake:4  | Identified a +0 scimitar
 41310 | Snake:4  | Identified a +0 battleaxe
 41314 | Snake:4  | Identified a +0 trident
 41314 | Snake:4  | Identified a +0 shortbow
 41315 | Snake:4  | Identified a +0 trident
 41320 | Snake:4  | Identified a +2 demon blade of venom
 41320 | Snake:4  | Identified a +1 robe of cold resistance
 41320 | Snake:4  | Noticed Mara
 41359 | Snake:4  | Noticed puppykicker's illusion
 41364 | Snake:4  | Identified a +0 short sword
 41364 | Snake:4  | Identified a +0 robe
 41364 | Snake:4  | Identified a +0 spear
 41364 | Snake:4  | Identified a +0 halberd
 41364 | Snake:4  | Identified a +0 robe
 41364 | Snake:4  | Identified a +0 short sword
 41364 | Snake:4  | Identified a +0 war axe
 41364 | Snake:4  | Identified a +0 whip
 41364 | Snake:4  | Identified a +0 robe
 41364 | Snake:4  | Identified a +0 battleaxe
 41364 | Snake:4  | Identified a +0 mace
 41364 | Snake:4  | Identified a +0 robe
 41364 | Snake:4  | Identified a +0 scimitar
 41364 | Snake:4  | Identified a +0 robe
 41365 | Snake:4  | Identified a +0 long sword
 41366 | Snake:4  | Identified a +0 mace
 41367 | Snake:4  | Identified a +0 hand axe
 41367 | Snake:4  | Identified a +0 dire flail
 41367 | Snake:4  | Identified a +0 robe
 41740 | Snake:4  | Identified a +0 trident
 41740 | Snake:4  | Identified a +0 robe
 41741 | Snake:4  | Identified a +0 hand axe
 41741 | Snake:4  | Identified a +0 dagger
 41741 | Snake:4  | Identified a +0 robe
 41771 | Snake:4  | Identified a +1 pair of gloves of archery (Okawaru gifted
                  | it to you on level 4 of the Snake Pit)
 41771 | Snake:4  | Received a gift from Okawaru
 41825 | Snake:4  | Identified a +0 dire flail
 41828 | Snake:4  | Identified a +1 whip of venom
 41828 | Snake:4  | Identified a +0 robe
 41861 | Snake:4  | Identified a +0 long sword
 41935 | Snake:4  | Identified a +0 short sword
 41935 | Snake:4  | Identified a +0 shortbow
 41935 | Snake:4  | Identified a +0 robe
 41959 | Snake:4  | Identified a +0 mace
 41961 | Snake:4  | HP: 25/147 [naga sharpshooter/arrow (13)]
 41984 | Snake:4  | Reached skill level 8 in Translocations
 42279 | Snake:4  | Identified a +0 short sword
 42279 | Snake:4  | Identified a +0 robe
 42282 | Snake:4  | Identified a +0 hand axe
 42282 | Snake:4  | Identified a +0 trident
 42282 | Snake:4  | Identified a +1 robe of fire resistance
 42293 | Snake:4  | Identified a +0 halberd of venom
 42300 | Snake:4  | Identified a +0 trident
 42300 | Snake:4  | Identified a +0 shortbow
 42300 | Snake:4  | Identified a +0 robe
 42305 | Snake:4  | Reached skill level 8 in Armour
 42405 | Snake:4  | Identified a +0 hand axe
 42405 | Snake:4  | Identified a +0 robe
 42410 | Snake:4  | Identified a +0 vampiric glaive
 42410 | Snake:4  | Identified a +1 arbalest of freezing
 42458 | Snake:4  | Identified a +0 mace
 42460 | Snake:4  | Identified a +5 short sword of electrocution
 42460 | Snake:4  | Identified a +0 arbalest
 42460 | Snake:4  | Identified a +2 barding of cold resistance
 42460 | Snake:4  | Noticed Vashnia
 42466 | Snake:4  | Identified a +0 trident
 42466 | Snake:4  | Identified a +0 shortbow
 42497 | Snake:4  | Identified a +0 hand axe
 42497 | Snake:4  | Identified a +0 arbalest
 42708 | Snake:4  | Identified a +0 halberd
 42726 | Snake:4  | HP: 33/148 [nagaraja (6)]
 42728 | Snake:4  | Reached skill level 11 in Spellcasting
 42731 | Snake:4  | HP: 32/148 [poisoned by a nagaraja (poison arrow)]
 42736 | Snake:4  | HP: 27/148 [poisoned by a nagaraja (poison arrow)]
 43363 | Snake:4  | Identified a +0 club
 43433 | Snake:4  | Identified a +0 war axe
 43433 | Snake:4  | Identified a +0 shortbow
 43444 | Snake:4  | HP: 28/148 [Vashnia/bolt (35)]
 43452 | Snake:4  | HP: 37/148 [guardian serpent (11)]
 43849 | Snake:4  | Identified a +0 short sword
 43849 | Snake:4  | Identified a +0 arbalest
 43907 | Snake:4  | Identified a +2 whip of venom
 43907 | Snake:4  | Identified a +0 robe
 44430 | Snake:4  | Got a serpentine rune of Zot
 44608 | Lair:1   | Killed Exaltedone87's ghost
 44752 | Snake:3  | HP: 26/148 [ProzacElf's ghost (28)]
 44766 | Snake:3  | Killed ProzacElf's ghost
 44767 | Snake:3  | Reached skill level 23 in Polearms
 45175 | Snake:3  | Identified a +2 scale mail of fire resistance
 45176 | Snake:3  | Identified a +0 leather armour
 45178 | Snake:3  | Identified the +0 barding "Qoppemoifi" {Fly Str+2 Int+7}
 45288 | Shoals:1 | Entered Level 1 of the Shoals
 45359 | Shoals:1 | Identified a +0 trident
 45363 | Shoals:1 | Identified a +0 trident
 45363 | Shoals:1 | Identified a +0 robe
 45778 | Shoals:1 | Identified a +0 trident
 45811 | Shoals:1 | Identified a potion of ambrosia
 45884 | Shoals:1 | Identified a +0 spear
 45884 | Shoals:1 | Identified a +0 hunting sling
 45885 | Shoals:1 | Identified a +3 spear
 45885 | Shoals:1 | Identified a +0 hunting sling
 45885 | Shoals:1 | Identified a +0 quarterstaff
 45885 | Shoals:1 | Identified a +0 hunting sling
 45887 | Shoals:1 | Identified a +2 spectral quarterstaff
 45887 | Shoals:1 | Identified a +2 hunting sling of flaming
 45888 | Shoals:1 | Identified a +0 trident
 45890 | Shoals:1 | Identified a +0 quarterstaff
 45890 | Shoals:1 | Identified a +0 hunting sling
 45890 | Shoals:1 | Identified a +0 club
 45890 | Shoals:1 | Identified a +0 hunting sling
 45891 | Shoals:1 | Identified a +0 club
 45891 | Shoals:1 | Identified a +0 hunting sling
 45904 | Shoals:1 | Identified a +0 spear
 45904 | Shoals:1 | Identified a +0 hunting sling
 45907 | Shoals:1 | Reached XP level 20. HP: 143/155 MP: 1/35
 46270 | Shoals:1 | Identified a +1 pair of gloves
 46376 | Shoals:1 | Identified a +0 trident
 46401 | Shoals:1 | Identified a +0 dagger of venom
 46560 | Shoals:2 | Identified a +0 spear
 46560 | Shoals:2 | Identified a +0 hunting sling
 46560 | Shoals:2 | Identified a +0 spear
 46560 | Shoals:2 | Identified a +0 club
 46560 | Shoals:2 | Identified a +0 hunting sling
 46562 | Shoals:2 | Identified a +0 trident
 46566 | Shoals:2 | Identified a +0 trident
 46724 | Shoals:2 | Identified a +0 spear
 46724 | Shoals:2 | Identified a +0 hunting sling
 46729 | Shoals:2 | Identified a +0 club
 46729 | Shoals:2 | Identified a +0 hunting sling
 46733 | Shoals:2 | Identified a +2 ring mail of fire resistance (Okawaru
                  | gifted it to you on level 2 of the Shoals)
 46733 | Shoals:2 | Received a gift from Okawaru
 46813 | Shoals:2 | Identified a +0 trident
 46819 | Shoals:2 | Identified a +0 quarterstaff
 46819 | Shoals:2 | Identified a +0 hunting sling
 46937 | Shoals:2 | Identified a +0 trident
 47063 | Shoals:2 | Identified a +0 trident
 47106 | Shoals:2 | Identified a +0 trident
 47108 | Shoals:2 | Identified a +0 trident
 47110 | Shoals:2 | Identified a +0 club
 47110 | Shoals:2 | Identified a +0 hunting sling
 47110 | Shoals:2 | Identified a +0 club
 47110 | Shoals:2 | Identified a +3 hunting sling
 47233 | Shoals:2 | Identified a +0 shortbow
 47252 | Shoals:2 | Identified a +0 spear
 47252 | Shoals:2 | Identified a +0 hunting sling
 47617 | Shoals:2 | Found a runed translucent gate.
 47619 | Shoals:2 | Identified a +2 battleaxe of freezing
 47624 | Shoals:2 | Found a runed translucent gate.
 47625 | Shoals:2 | Found a runed translucent gate.
 47626 | Shoals:2 | Identified a +0 battleaxe of freezing
 47659 | Shoals:2 | Identified a +0 trident
 47670 | Shoals:2 | Reached skill level 13 in Ice Magic
 47775 | Shoals:2 | Identified a +2 demon trident of electrocution
 47775 | Shoals:2 | Identified a +0 leather armour
 47978 | Shoals:2 | Identified a +0 trident
 48235 | Shoals:2 | Identified a +2 trident of protection
 48386 | Shoals:2 | Reached skill level 13 in Fighting
 48742 | Shoals:2 | Identified the ring of Starshine {Wiz rPois rC++}
 48743 | Shoals:2 | Identified the amulet of Mit Ing {Faith rF+}
 48807 | Shoals:3 | Identified a +0 spear
 48807 | Shoals:3 | Identified a +0 hunting sling
 48808 | Shoals:3 | Identified a +0 spear
 48808 | Shoals:3 | Identified a +0 hunting sling
 48810 | Shoals:3 | Identified a +0 spear
 48810 | Shoals:3 | Identified a +0 spear
 48810 | Shoals:3 | Identified a +0 hunting sling
 48923 | Shoals:3 | Identified a +0 vorpal spear
 48933 | Shoals:3 | Noticed Polyphemus
 48968 | Shoals:3 | Killed Polyphemus
 49208 | Shoals:3 | Reached skill level 10 in Necromancy
 49300 | Shoals:3 | Learned a level 6 spell: Dispersal
 49311 | Shoals:3 | Identified an amulet of regeneration
 49364 | Shoals:3 | Identified a +0 club
 49364 | Shoals:3 | Identified a +0 fustibalus
 49400 | Shoals:3 | Identified a +4 rapier of electrocution
 49400 | Shoals:3 | Identified a +0 cloak
 49400 | Shoals:3 | Identified a +0 pair of gloves
 49400 | Shoals:3 | Noticed Nikola
 49432 | Shoals:3 | Identified a +0 trident
 49433 | Shoals:3 | Identified a +0 trident
 49439 | Shoals:3 | HP: 36/153 [merfolk/boomerang of dispersal (9)]
 49900 | Shoals:3 | Identified a +0 spear
 49900 | Shoals:3 | Identified a +0 hunting sling
 49901 | Shoals:3 | Identified a +0 quarterstaff
 49901 | Shoals:3 | Identified a +0 hunting sling
 49924 | Shoals:3 | Identified a +0 spear
 49924 | Shoals:3 | Identified a +0 hunting sling
 50062 | Shoals:3 | Noticed Roxanne
 50070 | Shoals:3 | Learned a level 5 spell: Irradiate
 50299 | Shoals:3 | Identified a +2 trident of draining
 50299 | Shoals:3 | Identified a +2 robe
 50300 | Shoals:3 | Identified a +2 spear of draining
 50301 | Shoals:3 | Found a transporter.
 50302 | Shoals:3 | Noticed Angmar's ghost (adept DrTm)
 50310 | Shoals:3 | Found a transporter.
 50311 | Shoals:3 | Identified a +2 glaive of draining
 50312 | Shoals:3 | Identified a +2 spear of draining
 50314 | Shoals:3 | Identified a +2 spear of draining
 50314 | Shoals:3 | Identified the ring of Heazehiyl {rPois rC+ rN+ MP+9 Dex+3}
 50469 | Shoals:3 | Killed Nikola
 50601 | Shoals:3 | Killed Roxanne
 50602 | Shoals:3 | Reached skill level 1 in Transmutations
 50609 | Shoals:3 | Identified a +0 trident
 50891 | Snake:2  | Bought a runed helmet for 172 gold pieces
 50891 | Snake:2  | Identified a +2 helmet of see invisible (You bought it in a
                  | shop on level 2 of the Snake Pit)
 51068 | Shoals:3 | Killed Angmar's ghost
 51094 | Shoals:3 | Received a gift from Okawaru
 51224 | Shoals:3 | Identified a +0 scale mail
 51257 | Shoals:4 | Entered Level 4 of the Shoals
 51261 | Shoals:4 | Identified a +0 trident
 51309 | Shoals:4 | Identified a +0 quarterstaff
 51309 | Shoals:4 | Identified a +0 hunting sling
 51319 | Shoals:4 | Identified a +0 spear
 51319 | Shoals:4 | Identified a +0 fustibalus
 51319 | Shoals:4 | Identified a +0 trident
 51321 | Shoals:4 | Identified a +0 club
 51321 | Shoals:4 | Identified a +0 hunting sling
 51321 | Shoals:4 | Identified a +0 spear
 51321 | Shoals:4 | Identified a +0 hunting sling
 51321 | Shoals:4 | Identified a +0 club
 51321 | Shoals:4 | Identified a +0 hunting sling
 51322 | Shoals:4 | Identified a +0 trident
 51337 | Shoals:4 | Reached skill level 15 in Dodging
 51352 | Shoals:3 | Reached skill level 2 in Transmutations
 51558 | Shoals:4 | Identified a +4 glaive of protection (Okawaru gifted it to
                  | you on level 4 of the Shoals)
 51558 | Shoals:4 | Received a gift from Okawaru
 51597 | Shoals:4 | Identified a +0 trident
 51705 | Shoals:4 | Identified a +0 spear
 51705 | Shoals:4 | Identified a +0 longbow
 51935 | Shoals:4 | Paralysed by a sphinx for 3 turns
 51944 | Shoals:4 | Paralysed by a sphinx for 3 turns
 51954 | Shoals:4 | Paralysed by a sphinx for 7 turns
 52172 | Shoals:4 | Identified a scroll of acquirement
 52174 | Shoals:4 | Identified a +0 spear
 52174 | Shoals:4 | Identified a +0 hunting sling
 52177 | Shoals:4 | Identified a +0 trident
 52190 | Shoals:4 | Identified a +0 quarterstaff
 52190 | Shoals:4 | Identified a +3 hunting sling of flaming
 52192 | Shoals:4 | Identified a +0 spear
 52358 | Snake:4  | Identified a +0 long sword
 52358 | Snake:4  | Identified a +0 scimitar
 52358 | Snake:4  | Identified a +0 robe
 52358 | Snake:4  | Identified a +0 long sword
 52358 | Snake:4  | Identified a +0 shortbow of flaming
 52358 | Snake:4  | Identified a +0 chain mail
 52358 | Snake:4  | Identified a +0 dire flail
 52358 | Snake:4  | Identified a +2 vorpal trident
 52373 | Snake:4  | Noticed puppykicker's illusion
 52377 | Snake:3  | HP: 28/156 [naga warrior (26)]
 52378 | Snake:3  | HP: 8/156 [naga warrior (11)]
 52381 | Snake:3  | Slain by a naga warrior

Table legend: (Time is in decaauts)
 A = Elapsed time spent in this place.
 B = Non-inter-level travel time spent in this place.
 C = Inter-level travel time spent in this place.
 D = Time resting spent in this place.
 E = Time spent auto-exploring this place.
 F = Levels seen in this place.
 G = Mean time per level.
                   A        B        C        D        E       F      G
               +--------+--------+--------+--------+--------+-----+--------+
         Total |  50243 |  46074 |   4169 |  18836 |  17873 |  36 | 1395.6 |
       Dungeon |  21250 |  18999 |   2251 |   6818 |   8870 |  15 | 1416.7 |
        Temple |    133 |     93 |     40 |      0 |     89 |   1 |  133.0 |
          Lair |   9663 |   8803 |    860 |   2976 |   4249 |   6 | 1610.5 |
        Shoals |   5859 |   5634 |    225 |   3128 |   1204 |   4 | 1464.8 |
     Snake Pit |   9221 |   8669 |    552 |   4958 |   1989 |   4 | 2305.2 |
  Orcish Mines |   1955 |   1719 |    236 |    216 |    923 |   2 |  977.5 |
   Elven Halls |    234 |    233 |      1 |      0 |    139 |   1 |  234.0 |
      Ice Cave |    833 |    833 |      0 |    343 |    235 |   1 |  833.0 |
       Volcano |    542 |    542 |      0 |    260 |     22 |   1 |  542.0 |
      Gauntlet |    551 |    551 |      0 |    136 |    151 |   1 |  551.0 |
               +--------+--------+--------+--------+--------+-----+--------+

Top non-repeatable levels by time:
 Snake:4: 4264 daAuts
    D:13: 2898 daAuts
  Lair:2: 2389 daAuts
 Snake:3: 2340 daAuts
Shoals:3: 1819 daAuts
  Lair:6: 1815 daAuts
Shoals:2: 1798 daAuts
     D:9: 1748 daAuts
     D:6: 1737 daAuts
    D:10: 1700 daAuts
     D:8: 1693 daAuts
  Lair:3: 1632 daAuts
Shoals:1: 1623 daAuts
  Lair:4: 1619 daAuts
     D:5: 1575 daAuts

Table legend:
 A = Kills in this place as a percentage of kills in entire the game.
 B = Kills by you in this place as a percentage of kills by you in the entire game.
 C = Kills by friends in this place as a percentage of kills by friends in the entire game.
 D = Other kills in this place as a percentage of other kills in the entire game.
 E = Experience gained in this place as a percentage of experience gained in the entire game.
 F = Experience gained in this place divided by the number of levels of this place that you have seen.
                   A       B       C       D       E      F
               +-------+-------+-------+-------+-------+----------------------
         Total | 100.0 | 100.0 | 100.0 | 100.0 | 100.0 | 11686.3
       Dungeon |  33.3 |  33.3 |  36.4 |  50.0 |  23.1 | 6470.9
          Lair |  15.7 |  15.8 |   9.1 |   0.0 |  14.0 | 9798.8
        Shoals |  12.9 |  12.9 |   9.1 |   0.0 |  21.3 | 22363.2
     Snake Pit |  18.3 |  18.2 |  18.2 |  50.0 |  31.9 | 33581.8
  Orcish Mines |  13.6 |  13.8 |   0.0 |   0.0 |   3.7 | 7796.5
   Elven Halls |   0.3 |   0.3 |   0.0 |   0.0 |   0.4 | 1645.0
      Ice Cave |   3.0 |   3.0 |   0.0 |   0.0 |   3.5 | 14717.0
       Volcano |   1.3 |   1.1 |  27.3 |   0.0 |   1.0 | 4125.0
      Gauntlet |   1.5 |   1.6 |   0.0 |   0.0 |   1.2 | 4989.0
               +-------+-------+-------+-------+-------+----------------------

Skill      XL: |  1  2  3  4  5  6  7  8  9 10 11 12 13 14 15 16 17 18 19 20 |
---------------+-------------------------------------------------------------+-----
Dodging        | 3 4 5 6 7 8 9 10 11 12 13 14 15 | 15.0
Fighting       | 1 2 3 4 6 7 8 9 10 11 12 13 | 13.3
Ice Magic      | 5 6 7 8 9 10 11 12 13 | 13.3
Armour         | 1 2 3 4 5 6 7 8 |  8.7
Spellcasting   | 3 4 5 7 8 9 10 11 | 11.5
Polearms       | 2 7 11 12 13 14 16 17 19 20 21 22 23 | 23.6
Conjurations   | 2 |  2.6
Air Magic      | 2 3 4 |  4.4
Invocations    | 1 3 5 |  5.0
Evocations     | 2 3 |  3.0
Poison Magic   | 2 |  2.0
Necromancy     | 1 2 4 5 6 7 8 9 10 | 10.0
Translocations | 3 4 5 6 7 8 |  8.9
Earth Magic    | 2 4 |  4.3
Transmutations | 2 |  2.4
Stealth        | |  2.1

Action                   |  1- 3 |  4- 6 |  7- 9 | 10-12 | 13-15 | 16-18 | 19-21 || total
-------------------------+-------+-------+-------+-------+-------+-------+-------++-------
Melee: Unarmed           |    17 |       |       |       |     8 |       |       ||    25
       Short sword       |    13 |     4 |       |       |       |       |       ||    17
       Hand axe          |     6 |       |       |       |       |       |       ||     6
       Long sword        |       |    22 |       |       |       |       |       ||    22
       Trident           |       |    22 |    89 |    14 |       |       |       ||   125
       Halberd           |       |       |   137 |    96 |       |       |       ||   233
       Tailslap          |       |       |     3 |       |       |       |    28 ||    31
       Spear             |       |       |       |     8 |       |       |       ||     8
       Glaive            |       |       |       |   289 |    62 |       |       ||   351
       Demon trident     |       |       |       |       |   989 |  1362 |  1567 ||  3918
       Bardiche          |       |       |       |       |    46 |   116 |   143 ||   305
Throw: Dart              |       |    16 |     8 |     3 |     4 |     3 |     4 ||    38
       Javelin           |       |       |       |    10 |       |       |       ||    10
 Cast: Freeze            |    35 |    30 |    11 |    16 |     6 |       |       ||    98
       Frozen Ramparts   |       |    13 |    28 |    54 |    75 |    74 |    26 ||   270
       Shock             |       |     3 |     8 |    11 |    20 |     4 |     9 ||    55
       Ozocubu's Armour  |       |       |     1 |     1 |    29 |    21 |    19 ||    71
       Blink             |       |       |       |     3 |    13 |     1 |     8 ||    25
       Animate Dead      |       |       |       |       |    12 |     6 |     6 ||    24
       Lesser Beckoning  |       |       |       |       |       |     4 |     8 ||    12
       Manifold Assault  |       |       |       |       |       |    28 |   258 ||   286
       Borgnjor's Vile C |       |       |       |       |       |    24 |    43 ||    67
       Dispersal         |       |       |       |       |       |       |     1 ||     1
Invok: Heroism           |       |       |       |       |     3 |     4 |     3 ||    10
       Finesse           |       |       |       |       |       |     1 |     1 ||     2
Evoke: Wand              |       |       |     4 |    26 |    33 |     3 |     1 ||    67
       Piece from Xom's  |       |       |       |     1 |     6 |       |       ||     7
  Use: Potion            |     1 |       |     6 |     9 |     3 |     4 |     6 ||    29
       Scroll            |       |     7 |     8 |     9 |    15 |     6 |     8 ||    53
 Stab: Sleeping          |     2 |     6 |     3 |     8 |    10 |    13 |     6 ||    48
       Paralysed         |       |       |       |    21 |     8 |       |       ||    29
       Distracted        |       |       |       |       |     9 |     3 |     3 ||    15
       Petrifying        |       |       |       |       |     1 |       |       ||     1
       Petrified         |       |       |       |       |     3 |     3 |     5 ||    11
Armor: Robe              |    22 |     9 |       |       |       |       |       ||    31
       Ring mail         |       |     2 |    69 |    34 |   158 |   448 |   396 ||  1107
       Skin              |       |       |       |    16 |     3 |       |       ||    19
       Acid dragon scale |       |       |       |    77 |   208 |       |       ||   285
Dodge: Dodged            |    36 |    66 |   165 |   311 |   606 |   818 |   685 ||  2687
       Rpst.: Long sword |       |     9 |       |       |       |       |       ||     9

Vanquished Creatures
  Saint Roka (Snake:4)
  Nikola (Shoals:3)
  Polyphemus (Shoals:3)
  The ghost of ProzacElf the Severer, an adept HOAK of Lugonu (Snake:3)
  2 krakens
  2 sphinxes
  Kirke (D:14)
  Roxanne (Shoals:3)
  The ghost of Angmar the Brawler, an adept DrTm of Wu Jian (Shoals:3)
  6 nagarajas
  3 frost giants
  Louise (Snake:1)
  Aizul (Snake:1)
  The ghost of tiocybot the Martial Artist, a journeyman GnTm of Sif Muna (D:12)
  Nessos (D:12)
  A minotaur (Gauntlet)
  Snorg (Lair:4)
  A fire dragon (Lair:6)
  A spectral kraken (Shoals:3)
  A deep elf high priest (D:13)
  An ice dragon (Lair:3)
  3 merfolk impalers
  15 naga warriors
  The ghost of Exaltedone87 the Cleaver, a journeyman PaFi of Wu Jian (Lair:1)
  2 salamander tyrants (Snake:4)
  5 boulder beetles
  2 ogre magi
  8 centaur warriors
  14 hydras
  13 anacondas
  Erica (D:8)
  3 alligators (Snake:3)
  3 satyrs
  2 merfolk avatars
  6 alligator snapping turtles
  4 two-headed ogres
  4 catoblepae
  3 dancing weapons
  11 death yaks
  5 tengu warriors
  A deep troll earth mage (D:13)
  2 shock serpents
  27 naga sharpshooters
  A deep elf knight (D:15)
  10 skeletal warriors
  4 salamander mystics
  10 sea snakes
  2 goliath frogs (Snake:3)
  2 large abominations (Gauntlet)
  A kraken simulacrum (Shoals:2)
  4 naga ritualists
  An obsidian statue (Volcano)
  9 orc knights
  10 mana vipers
  3 wizards (D:15)
  8 deep elf pyromancers
  12 harpies
  A lindwurm (Lair:6)
  27 fauns
  A necromancer (D:15)
  A deep elf zephyrmancer (D:15)
  The ghost of Dazliare the Sneak, a novice GnEn of Uskayaw (D:6)
  2 wolf spiders (D:15)
  An ugly thing (IceCv)
  24 manticores
  9 cyclopes
  A moth of wrath (Gauntlet)
  8 salamanders
  An ice statue (IceCv)
  27 black mambas
  8 merfolk sirens
  8 elephants
  3 water nymphs
  18 naga magi
  5 gargoyles
  4 centaur zombies
  3 guardian serpents
  3 molten gargoyles (Lair:6)
  A guardian serpent (shapeshifter) (D:13)
  3 torpor snails
  3 unseen horrors
  Maggie (D:9)
  2 spectral sea snakes (Shoals:3)
  17 cane toads
  10 rime drakes
  4 kobold demonologists
  3 komodo dragons (shapeshifter)
  2 efreet (D:13)
  A freezing wraith (D:15)
  10 komodo dragons
  2 yaktaurs (D:15)
  6 polar bears
  A meliai (shapeshifter) (D:15)
  8 trolls
  3 meliai (D:13)
  22 merfolk
  6 wind drakes
  A merfolk (shapeshifter) (D:13)
  6 slime creatures
  17 blink frogs
  7 snapping turtles
  A meliai zombie (D:10)
  An air elemental (Elf:1)
  2 water elementals
  3 shadows
  3 wyverns
  5 centaur simulacra
  5 wraiths
  67 yaks
  A vampire (D:13)
  2 hogs (D:14)
  6 basilisks
  The ghost of tygod the Covered, an amateur MiFi (D:5)
  5 steam dragons
  7 fire bats (Volcano)
  2 vampire mosquitoes (D:13)
  3 sea snake simulacra (Shoals:2)
  11 wargs
  2 harpy simulacra (Shoals:2)
  2 death yak simulacra (Shoals:2)
  2 spectral snapping turtles (Shoals:3)
  3 hell hounds (Lair:6)
  62 nagas
  2 acid dragons (D:13)
  12 water moccasins
  40 orc warriors
  3 satyr simulacra (Shoals:2)
  5 black bears
  11 ogres
  34 wolves
  A boggart (D:15)
  21 centaurs
  17 bullfrogs
  16 kobold brigands (D:9)
  2 merfolk simulacra (Shoals:2)
  3 scorpions
  3 gnoll sergeants
  2 water moccasin zombies (D:5)
  3 faun simulacra (Shoals:2)
  A hornet simulacrum (D:6)
  5 small abominations (Gauntlet)
  A water moccasin skeleton (D:5)
  17 killer bees
  A manticore simulacrum (Shoals:2)
  3 snapping turtle simulacra (Shoals:2)
  4 wights (D:9)
  A howler monkey (D:13)
  An electric eel (Lair:3)
  3 spectral centaurs (D:6)
  10 lava snakes
  3 bullfrog zombies
  4 hounds
  3 jellies
  2 gnoll shamans
  14 orc priests
  A bullfrog skeleton (D:7)
  Jessica (D:2)
  3 iguanas
  Ijyb (D:3)
  Natasha (thrice) (D:2)
  A cyclops simulacrum (Shoals:2)
  21 orc wizards
  2 hound zombies (D:5)
  A howler monkey skeleton (D:6)
  A howler monkey zombie (D:5)
  18 gnolls
  4 adders
  A shadow imp (D:6)
  3 white imps
  An ufetubus (D:3)
  An adder skeleton (D:4)
  A worm (D:4)
  A dart slug (D:2)
  102 orcs
  5 endoplasms
  4 giant cockroaches
  6 hobgoblins
  4 jackals (D:1)
  A quokka (D:1)
  4 ball pythons
  7 bats
  4 frilled lizards
  12 goblins
  17 kobolds
  5 rats
  A tentacle (Shoals:2)
1215 creatures vanquished.

Vanquished Creatures (collateral kills)
  A red draconian (Volcano)
  An ogre mage (Volcano)
  A boulder beetle (D:13)
  A two-headed ogre (Volcano)
  A deep elf pyromancer (D:13)
  An ugly thing (D:13)
  A manticore (Shoals:3)
  A torpor snail (Lair:6)
  2 black mambas
  A troll (D:13)
11 creatures vanquished.

Vanquished Creatures (others)
  A two-headed ogre (Volcano)
  A dancing weapon (D:13)
  2 humans (D:14)
  A naga (Snake:3)
  A howler monkey skeleton (D:6)
  2 bushes (Lair:6)
  68 fungi
  129 plants
  24 tentacles
229 creatures vanquished.

Grand Total: 1455 creatures vanquished
